Workbook

Sheet Приложение 1 (ОТЧЕТНЫЙ ПЕРИОД) 
B1: ФОРМАТ И ШРИФТЫ НЕ ИЗМЕНЯТЬ | N1: Приложение 1
A2: ИНФОРМАЦИЯ по показателям и мероприятиям дорожных карт по достижению показателей Указа Президента Российской Федерации от 07.05.2018 № 204 ПОЖАРСКИЙ МУНИЦИПАЛЬНЫЙ РАЙОН | K2: ИТОГОВЫЙ ОТЧЕТ форма предоставления информации на 01.01.2021
A3: № п.п. | B3: Наименование показателя | C3: Базовое значение | E3: Значение показателя/ потребность в финансировании, млн рублей | J3: Примечание. Сумма контракта, дата заключения контракта, поставщик, дата завершения работ по контракту. Дата внесения изменений в план-график, планируемая дата начала конкурсных процедур, планируемая дата заключения контракта. Для контрактов на подписании - дата завершения конкурсных процедур, сумма контракта, поставщик, планируемая дата заключения контракта, дата завершения работ по контракту. Адрес расположения заверщенного объекта. | K3: ИТОГ ПРОФИНАНСИРОВАННО, млн рублей | L3: Значение показателя/ потребность в финансировании, млн рублей | N3: ВСЕГО 2019-2024
B4: городской округ (муниципальный р-н) | C4: Значение/ года | D4: Дата / вид бюджета | E4: 2020 г. (план в соответствии с бюджетом) | F4: сумма подписанного контракта по мероприятию | G4: профинанси-ровано (кассовый расход) /исполнение на 01.01.2021 | H4: 2021 г. (план в соответствии с бюджетом) | I4: 2022 г. (план в соответствии с бюджетом) | K4: 2019 г. | L4: 2023 г. | M4: 2024 г.
B5: ВСЕГО | D5: Всего | E5: =E6+E7+E8 -> 131.03542 | F5: =F6+F7+F8 -> 131.03542 | G5: =G6+G7+G8 -> 131.03588 | H5: =H6+H7+H8 -> 496.09819 | I5: =I6+I7+I8 -> 455.72322 | K5: =K6+K7+K8 -> 114.57 | L5: =L6+L7+L8 -> 98.05 | M5: =M6+M7+M8 -> 23.39 | N5: =N6+N7+N8 -> 1318.8668
D6: федер. бюджет | E6: =E11+E618 -> 14.7395 | F6: =F11+F618 -> 14.7395 | G6: =G11+G618 -> 14.7395 | H6: =H11+H618 -> 68.02 | I6: =I11+I618 -> 40 | K6: =K11+K618 -> 17.52 | L6: =L11+L618 -> 0 | M6: =M11+M618 -> 0 | N6: =N11+N618 -> 140.2795
D7: краевой бюджет | E7: =E12+E619 -> 99.774877 | F7: =F12+F619 -> 99.774877 | G7: =G12+G619 -> 99.774877 | H7: =H12+H619 -> 415.60014 | I7: =I12+I619 -> 382.40189 | K7: =K12+K619 -> 87.7 | L7: =L12+L619 -> 66.23 | M7: =M12+M619 -> 12.06 | N7: =N12+N619 -> 1063.7669
D8: бюджет МО | E8: =E13+E620 -> 16.521042 | F8: =F13+F620 -> 16.521042 | G8: =G13+G620 -> 16.521504 | H8: =H13+H620 -> 12.478055 | I8: =I13+I620 -> 33.321325 | K8: =K13+K620 -> 9.35 | L8: =L13+L620 -> 31.82 | M8: =M13+M620 -> 11.33 | N8: =N13+N620 -> 114.82042
B10: Всего по мероприятиям национальных проектов | D10: Всего | E10: =SUM(E11:E13) -> 122.99552 | F10: =SUM(F11:F13) -> 122.99552 | G10: =SUM(G11:G13) -> 122.99598 | H10: =SUM(H11:H13) -> 496.09819 | I10: =SUM(I11:I13) -> 455.72322 | K10: =SUM(K11:K13) -> 114.57 | L10: =SUM(L11:L13) -> 98.05 | M10: =SUM(M11:M13) -> 23.39 | N10: =SUM(N11:N13) -> 1310.8269
D11: федер. бюджет | E11: =E101+E139+E304+E349+E390+E431+E460+E489+E512+E563+E579+E608 -> 14.3145 | F11: =F101+F139+F304+F349+F390+F431+F460+F489+F512+F563+F579+F608 -> 14.3145 | G11: =G101+G139+G304+G349+G390+G431+G460+G489+G512+G563+G579+G608 -> 14.3145 | H11: =H101+H139+H304+H349+H390+H431+H460+H489+H512+H563+H579+H608 -> 68.02 | I11: =I101+I139+I304+I349+I390+I431+I460+I489+I512+I563+I579+I608 -> 40 | K11: =K101+K139+K304+K349+K390+K431+K460+K489+K512+K563+K579+K608 -> 17.52 | L11: =L101+L139+L304+L349+L390+L431+L460+L489+L512+L563+L579+L608 -> 0 | M11: =M101+M139+M304+M349+M390+M431+M460+M489+M512+M563+M579+M608 -> 0 | N11: =E11+H11+I11+K11+L11+M11 -> 139.8545
D12: краевой бюджет | E12: =E102+E140+E305+E350+E391+E432+E461+E490+E513+E564+E580+E609 -> 92.239877 | F12: =F102+F140+F305+F350+F391+F432+F461+F490+F513+F564+F580+F609 -> 92.239877 | G12: =G102+G140+G305+G350+G391+G432+G461+G490+G513+G564+G580+G609 -> 92.239877 | H12: =H102+H140+H305+H350+H391+H432+H461+H490+H513+H564+H580+H609 -> 415.60014 | I12: =I102+I140+I305+I350+I391+I432+I461+I490+I513+I564+I580+I609 -> 382.40189 | K12: =K102+K140+K305+K350+K391+K432+K461+K490+K513+K564+K580+K609 -> 87.7 | L12: =L102+L140+L305+L350+L391+L432+L461+L490+L513+L564+L580+L609 -> 66.23 | M12: =M102+M140+M305+M350+M391+M432+M461+M490+M513+M564+M580+M609 -> 12.06 | N12: =E12+H12+I12+K12+L12+M12 -> 1056.2319
D13: бюджет МО | E13: =E103+E141+E306+E351+E392+E433+E462+E491+E514+E565+E581+E610 -> 16.441142 | F13: =F103+F141+F306+F351+F392+F433+F462+F491+F514+F565+F581+F610 -> 16.441142 | G13: =G103+G141+G306+G351+G392+G433+G462+G491+G514+G565+G581+G610 -> 16.441604 | H13: =H103+H141+H306+H351+H392+H433+H462+H491+H514+H565+H581+H610 -> 12.478055 | I13: =I103+I141+I306+I351+I392+I433+I462+I491+I514+I565+I581+I610 -> 33.321325 | K13: =K103+K141+K306+K351+K392+K433+K462+K491+K514+K565+K581+K610 -> 9.35 | L13: =L103+L141+L306+L351+L392+L433+L462+L491+L514+L565+L581+L610 -> 31.82 | M13: =M103+M141+M306+M351+M392+M433+M462+M491+M514+M565+M581+M610 -> 11.33 | N13: =E13+H13+I13+K13+L13+M13 -> 114.74052
E15: I | F15: ДЕМОГРАФИЯ
A16: Проект 2. Содействие занятости женщин - создание условий дошкольного образования для детей в возрасте до трех лет
A17: 1 | B17: Численность воспитанников в возрасте до трех лет, посещающих государственные и муниципальные организации, осуществляющие образовательную деятельность по образовательным программам дошкольного образования, присмотр и уход, человек | D17: 43831 | E17: 10673 | H17: 11395 | I17: 11445 | L17: 11450 | M17: 11450
B18: Пожарский муниципальный район | C18: 260 | D18: 43831 | E18: 230 | H18: 235 | I18: 235 | J18: В 15 образовательных учреждениях воспитываются 260 детей в возрасте до 3-х лет | L18: 240 | M18: 240
A19: 2 | B19: Доступность дошкольного образования для детей в возрасте от полутора до трех лет, % | D19: 43831 | E19: 95 | H19: 97 | I19: 100 | L19: 100 | M19: 100
B20: Пожарский муниципальный район | C20: 100 | D20: 43831 | H20: 100 | I20: 100 | J20: В Пожарском муниципальном районе отсутствует очередь для детей в возрасте от 1,5 до 3-х лет. | L20: 100 | M20: 100
B21: Меропиятия | C21: Потребность в финансировании, млн. рублей
A22: 1 | B22: Сохранение сети действующих бюджетных организации, осуществляющих образовательную деятельность по образовательным программам дошкольного образования, присмотра и ухода за детьми | D22: всего | E22: =SUM(E23:E25) -> 0 | F22: =SUM(F23:F25) -> 0 | G22: =SUM(G23:G25) -> 0 | H22: =SUM(H23:H25) -> 0 | I22: =SUM(I23:I25) -> 0 | J22: На территории Пожарского муниципального района сохранена сеть дошкольных учреждений. Действуют 10 детских дошкольных учреждений и 5 дошкольных групп при школах, которые посещает 1,4 тыс. детей. | K22: =SUM(K23:K25) -> 0 | L22: =SUM(L23:L25) -> 0 | M22: =SUM(M23:M25) -> 0 | N22: =E22+H22+I22+K22+L22+M22 -> 0
D23: федер. бюджет | N23: =E23+H23+I23+K23+L23+M23 -> 0
D24: краевой бюджет | N24: =E24+H24+I24+K24+L24+M24 -> 0
D25: бюджет МО | N25: =E25+H25+I25+K25+L25+M25 -> 0
A26: Проект 5. Создание для всех категорий и групп населения условий для занятости физической культурой и спортом, массовым спортом, в том числе повышение уровня обеспеченности населения объектами спорта, а также подготовка спортивного резерва
A27: 1 | B27: Доля детей и молодёжи (возраст 3-29 лет), систематически занимающихся физической культурой и спортом, % | D27: 43831 | E27: 78.8 | H27: 80.5 | I27: 81 | L27: 83.9 | M27: 86
B28: Пожарский муниципальный район | C28: 67.1 | D28: 43831 | E28: 40 | H28: 46 | I28: 55 | L28: 60 | M28: 86
A29: 2 | B29: Доля граджан среднего возраста (женщины 30-54 года, мужчины 30-59 лет), систематически занимающихся физической культурой и спортом, % | D29: 43831 | E29: 31.7 | H29: 34.4 | I29: 42 | L29: 48 | M29: 56
B30: Пожарский муниципальный район | C30: 30.1 | D30: 43831 | E30: 35 | H30: 40 | I30: 45 | L30: 50 | M30: 56
A31: 3 | B31: Доля граджан старшего возраста (женщины 55-79 лет, мужчины 60-79 лет), систематически занимающихся физической культурой и спортом, % | D31: 43831 | E31: 6.6 | H31: 8.8 | I31: 11.8 | L31: 14.3 | M31: 18
B32: Пожарский муниципальный район | C32: 6.1 | D32: 43831 | E32: 4.4 | H32: 8.8 | I32: 11.8 | L32: 14.3 | M32: 18
A33: 4 | B33: Уровень обеспеченности граждан спортивными сооружениями исходя из единовременной пропускной способности объектов спорта,% | D33: 43831
B34: Пожарский муниципальный район | C34: 60.6 | D34: 43831 | E34: 55.7 | H34: 55.7 | I34: 55.8 | L34: 55.9 | M34: 6
B35: Меропиятия | C35: Потребность в финансировании, млн. рублей
A36: 1 | B36: Строительство физкультурно-оздоровительного комплекса в Пожарском муниципальном районе | D36: всего | E36: =SUM(E37:E39) -> 6.5 | F36: =SUM(F37:F39) -> 0 | G36: =SUM(G37:G39) -> 0 | H36: =SUM(H37:H39) -> 800 | I36: =SUM(I37:I39) -> 0 | J36: Лимиты средств краевого бюджета на 2020 год согласованы с курирующим органом ППК. Объект является краевым. ПСД находится на госэкспертизе. | K36: =SUM(K37:K39) -> 0 | L36: =SUM(L37:L39) -> 0 | M36: =SUM(M37:M39) -> 0 | N36: =E36+H36+I36+K36+L36+M36 -> 806.5
D37: федер. бюджет | N37: =E37+H37+I37+K37+L37+M37 -> 0
D38: краевой бюджет | E38: 6.5 | H38: 800 | N38: =E38+H38+I38+K38+L38+M38 -> 806.5
D39: бюджет МО | N39: =E39+H39+I39+K39+L39+M39 -> 0
A40: 1 | B40: Субсидии на приобретение спортивного инвентаря для развития лыжного спорта | D40: всего | E40: =SUM(E41:E43) -> 1.20979 | F40: =SUM(F41:F43) -> 1.20979 | G40: =SUM(G41:G43) -> 1.20979 | H40: =SUM(H41:H43) -> 0 | I40: =SUM(I41:I43) -> 0 | J40: Установлен блок-модуль для размещения раздевальных помещений на лыжне. Приобретено спортивное оборудование и спортивный инвентарь. Контакты оплачены полностью. Дополнительно израсходовано 0,23 млн. руб. за счет средств местного бюджета на работы по внутренней отделке блок-модуля и подключению его к электричеству. | K40: =SUM(K41:K43) -> 0 | L40: =SUM(L41:L43) -> 0 | M40: =SUM(M41:M43) -> 0 | N40: =E40+H40+I40+K40+L40+M40 -> 1.20979
D41: федер. бюджет | N41: =E41+H41+I41+K41+L41+M41 -> 0
D42: краевой бюджет | E42: 0.97 | F42: 0.97 | G42: 0.97 | N42: =E42+H42+I42+K42+L42+M42 -> 0.97
D43: бюджет МО | E43: 0.23979 | F43: 0.23979 | G43: 0.23979 | N43: =E43+H43+I43+K43+L43+M43 -> 0.23979
A44: 2 | B44: Строительство универсальной спортивной площадки в с. Нагорное | D44: всего | E44: =SUM(E45:E47) -> 0 | F44: =SUM(F45:F47) -> 0 | G44: =SUM(G45:G47) -> 0 | H44: =SUM(H45:H47) -> 15 | I44: =SUM(I45:I47) -> 0 | K44: =SUM(K45:K47) -> 0 | L44: =SUM(L45:L47) -> 0 | M44: =SUM(M45:M47) -> 0 | N44: =E44+H44+I44+K44+L44+M44 -> 15
D45: федер. бюджет | H45: 14.7 | N45: =E45+H45+I45+K45+L45+M45 -> 14.7
D46: краевой бюджет | N46: =E46+H46+I46+K46+L46+M46 -> 0
D47: бюджет МО | H47: 0.3 | N47: =E47+H47+I47+K47+L47+M47 -> 0.3
A48: 3 | B48: Плоскостное спортивное сооружение. Комбинированный спортивный комплекс (для игровых видов спорта и тренажерный сектор). Нагорненское сельское поселение | D48: всего | E48: =SUM(E49:E51) -> 0 | F48: =SUM(F49:F51) -> 0 | G48: =SUM(G49:G51) -> 0 | H48: =SUM(H49:H51) -> 6.7 | I48: =SUM(I49:I51) -> 0 | K48: =SUM(K49:K51) -> 0 | L48: =SUM(L49:L51) -> 0 | M48: =SUM(M49:M51) -> 0 | N48: =E48+H48+I48+K48+L48+M48 -> 6.7
D49: федер. бюджет | H49: 6.57 | N49: =E49+H49+I49+K49+L49+M49 -> 6.57
D50: краевой бюджет | N50: =E50+H50+I50+K50+L50+M50 -> 0
D51: бюджет МО | H51: 0.13 | N51: =E51+H51+I51+K51+L51+M51 -> 0.13
A52: 4 | B52: Плоскостное спортивное сооружение. Комбинированный спортивный комплекс (для игровых видов спорта и тренажерный сектор). Пожарское сельское поселение | D52: всего | E52: =SUM(E53:E55) -> 0 | F52: =SUM(F53:F55) -> 0 | G52: =SUM(G53:G55) -> 0 | H52: =SUM(H53:H55) -> 6.7 | I52: =SUM(I53:I55) -> 0 | K52: =SUM(K53:K55) -> 0 | L52: =SUM(L53:L55) -> 0 | M52: =SUM(M53:M55) -> 0 | N52: =E52+H52+I52+K52+L52+M52 -> 6.7
D53: федер. бюджет | H53: 6.57 | N53: =H53+E53+I53+K53+L53+M53 -> 6.57
D54: краевой бюджет | N54: =E54+H54+I54+K54+L54+M54 -> 0
D55: бюджет МО | H55: 0.13 | N55: =E55+H55+I55+K55+L55+M55 -> 0.13
A56: 5 | B56: Строительство универсальной спортивной площадки в с. Пожарское | D56: всего | E56: =SUM(E57:E59) -> 0 | F56: =SUM(F57:F59) -> 0 | G56: =SUM(G57:G59) -> 0 | H56: =SUM(H57:H59) -> 15 | I56: =SUM(I57:I59) -> 0 | K56: =SUM(K57:K59) -> 0 | L56: =SUM(L57:L59) -> 0 | M56: =SUM(M57:M59) -> 0 | N56: =E56+H56+I56+K56+L56+M56 -> 15
D57: федер. бюджет | H57: 14.7 | N57: =E57+H57+I57+K57+L57+M57 -> 14.7
D58: краевой бюджет | N58: =E58+H58+I58+K58+L58+M58 -> 0
D59: бюджет МО | H59: 0.3 | N59: =E59+H59+I59+K59+L59+M59 -> 0.3
A60: 6 | B60: Строительство футбольного поля, пгт Лучегорск | D60: всего | E60: =SUM(E61:E63) -> 0 | F60: =SUM(F61:F63) -> 0 | G60: =SUM(G61:G63) -> 0 | H60: =SUM(H61:H63) -> 0.9 | I60: =SUM(I61:I63) -> 40.816327 | K60: =SUM(K61:K63) -> 0 | L60: =SUM(L61:L63) -> 0 | M60: =SUM(M61:M63) -> 0 | N60: =E60+H60+I60+K60+L60+M60 -> 41.716327
D61: федер. бюджет | I61: 40 | N61: =E61+H61+I61+K61+L61+M61 -> 40
D62: краевой бюджет | H62: 0.9 | I62: 0.816327 | N62: =E62+H62+I62+K62+L62+M62 -> 1.716327
D63: бюджет МО | N63: =E63+H63+I63+K63+L63+M63 -> 0
A64: 7 | B64: Плоскостное спортивное сооружение. Комбинированный спортивный комплекс (для игровых видов спорта и тренажерный сектор). Федосьевское сельское поселение | D64: всего | E64: =SUM(E65:E67) -> 0 | F64: =SUM(F65:F67) -> 0 | G64: =SUM(G65:G67) -> 0 | H64: =SUM(H65:H67) -> 6.7 | I64: =SUM(I65:I67) -> 0 | K64: =SUM(K65:K67) -> 0 | L64: =SUM(L65:L67) -> 0 | M64: =SUM(M65:M67) -> 0 | N64: =E64+H64+I64+K64+L64+M64 -> 6.7
D65: федер. бюджет | H65: 6.57 | N65: =E65+H65+I65+K65+L65+M65 -> 6.57
D66: краевой бюджет | N66: =E66+H66+I66+K66+L66+M66 -> 0
D67: бюджет МО | H67: 0.13 | N67: =E67+H67+I67+K67+L67+M67 -> 0.13
A68: 8 | B68: Строительство универсальной спортивной площадки в с. Верхний Перевал | D68: всего | E68: =SUM(E69:E71) -> 0 | F68: =SUM(F69:F71) -> 0 | G68: =SUM(G69:G71) -> 0 | H68: =SUM(H69:H71) -> 15 | I68: =SUM(I69:I71) -> 0 | K68: =SUM(K69:K71) -> 0 | L68: =SUM(L69:L71) -> 0 | M68: =SUM(M69:M71) -> 0 | N68: =E68+H68+I68+K68+L68+M68 -> 15
D69: федер. бюджет | H69: 14.7 | N69: =E69+H69+I69+K69+L69+M69 -> 14.7
D70: краевой бюджет | N70: =E70+H70+I70+K70+L70+M70 -> 0
D71: бюджет МО | H71: 0.3 | N71: =E71+H71+I71+K71+L71+M71 -> 0.3
A72: 9 | B72: Плоскостное спортивное сооружение. Комбинированный спортивный комплекс (для игровых видов спорта и тренажерный сектор) с. Верхний Перевал | D72: всего | E72: =SUM(E73:E75) -> 0 | F72: =SUM(F73:F75) -> 0 | G72: =SUM(G73:G75) -> 0 | H72: =SUM(H73:H75) -> 4.3 | I72: =SUM(I73:I75) -> 0 | K72: =SUM(K73:K75) -> 0 | L72: =SUM(L73:L75) -> 0 | M72: =SUM(M73:M75) -> 0 | N72: =E72+H72+I72+K72+L72+M72 -> 4.3
D73: федер. бюджет | N73: =E73+H73+I73+K73+L73+M73 -> 0
D74: краевой бюджет | H74: 3.9 | N74: =E74+H74+I74+K74+L74+M74 -> 3.9
D75: бюджет МО | H75: 0.4 | N75: =E75+H75+I75+K75+L75+M75 -> 0.4
A76: 10 | B76: Плоскостное спортивное сооружение. Универсальная площадка для игровых видов спорта. Игнатьевское сельское поселение | D76: всего | E76: =SUM(E77:E79) -> 0 | F76: =SUM(F77:F79) -> 0 | G76: =SUM(G77:G79) -> 0 | H76: =SUM(H77:H79) -> 4.3 | I76: =SUM(I77:I79) -> 0 | K76: =SUM(K77:K79) -> 0 | L76: =SUM(L77:L79) -> 0 | M76: =SUM(M77:M79) -> 0 | N76: =E76+H76+I76+K76+L76+M76 -> 4.3
D77: федер. бюджет | H77: 4.21 | N77: =E77+H77+I77+K77+L77+M77 -> 4.21
D78: краевой бюджет | N78: =E78+H78+I78+K78+L78+M78 -> 0
D79: бюджет МО | H79: 0.09 | N79: =E79+H79+I79+K79+L79+M79 -> 0.09
A80: 11 | B80: Строительство универсальной спортивной площадки в с. Новостройка | D80: всего | E80: =SUM(E81:E83) -> 0 | F80: =SUM(F81:F83) -> 0 | G80: =SUM(G81:G83) -> 0 | H80: =SUM(H81:H83) -> 8 | I80: =SUM(I81:I83) -> 0 | K80: =SUM(K81:K83) -> 0 | L80: =SUM(L81:L83) -> 0 | M80: =SUM(M81:M83) -> 0 | N80: =E80+H80+I80+K80+L80+M80 -> 8
D81: федер. бюджет | N81: =E81+H81+I81+K81+L81+M81 -> 0
D82: краевой бюджет | H82: 7.92 | N82: =E82+H82+I82+K82+L82+M82 -> 7.92
D83: бюджет МО | H83: 0.08 | N83: =E83+H83+I83+K83+L83+M83 -> 0.08
A84: 12 | B84: Проведение соревнований по различным видам спорта на территории Пожарского муниципального района, участие спортсменов Пожарского муниципального района в соревнованиях краевого, дальневосточного, всероссийского уровня | D84: всего | E84: =SUM(E85:E87) -> 0.264278 | F84: =SUM(F85:F87) -> 0.264278 | G84: =SUM(G85:G87) -> 0.264278 | H84: =SUM(H85:H87) -> 0.4 | I84: =SUM(I85:I87) -> 0.4 | J84: Проведены районные спортивные соревнования, принято участие региональных соревнованиях. Оплачены расходы на проведение, призы и транспортные расходы. | K84: =SUM(K85:K87) -> 0 | L84: =SUM(L85:L87) -> 0.4 | M84: =SUM(M85:M87) -> 0.4 | N84: =E84+H84+I84+K84+L84+M84 -> 1.864278
D85: федер. бюджет | N85: =E85+H85+I85+K85+L85+M85 -> 0
D86: краевой бюджет | N86: =E86+H86+I86+K86+L86+M86 -> 0
D87: бюджет МО | E87: 0.264278 | F87: 0.264278 | G87: 0.264278 | H87: 0.4 | I87: 0.4 | L87: 0.4 | M87: 0.4 | N87: =E87+H87+I87+K87+L87+M87 -> 1.864278
A88: 13 | B88: Реализация мероприятий по внедрению Всероссийского физкультурно-спортивного комплекса "Готов к труду и обороне" (ГТО) | D88: всего | E88: =SUM(E89:E91) -> 0.03 | F88: =SUM(F89:F91) -> 0.03 | G88: =SUM(G89:G91) -> 0.03 | H88: =SUM(H89:H91) -> 0 | I88: =SUM(I89:I91) -> 0 | J88: Участие в краевых финанльных соревнованиях "Вперед ВФСК ГТО" - 10 человек. Заняли первое местто среди МО Приморского края | K88: =SUM(K89:K91) -> 0 | L88: =SUM(L89:L91) -> 0 | M88: =SUM(M89:M91) -> 0 | N88: =E88+H88+I88+K88+L88+M88 -> 0.03
D89: федер. бюджет | N89: =E89+H89+I89+K89+L89+M89 -> 0
D90: краевой бюджет | N90: =E90+H90+I90+K90+L90+M90 -> 0
D91: бюджет МО | E91: 0.03 | F91: 0.03 | G91: 0.03 | N91: =E91+H91+I91+K91+L91+M91 -> 0.03
A92: 14 | B92: Пропаганда физической культуры, спорта и здорового образа жизни | D92: всего | E92: =SUM(E93:E95) -> 0 | F92: =SUM(F93:F95) -> 0 | G92: =SUM(G93:G95) -> 0 | H92: =SUM(H93:H95) -> 0 | I92: =SUM(I93:I95) -> 0 | K92: =SUM(K93:K95) -> 0 | L92: =SUM(L93:L95) -> 0 | M92: =SUM(M93:M95) -> 0 | N92: =E92+H92+I92+K92+L92+M92 -> 0
D93: федер. бюджет | N93: =E93+H93+I93+K93+L93+M93 -> 0
D94: краевой бюджет | N94: =E94+H94+I94+K94+L94+M94 -> 0
D95: бюджет МО | N95: =E95+H95+I95+K95+L95+M95 -> 0
A96: 15 | B96: Строительство спортивного зала для школы с. Новостройка | D96: всего | E96: =SUM(E97:E99) -> 0 | F96: =SUM(F97:F99) -> 0 | G96: =SUM(G97:G99) -> 0 | H96: =SUM(H97:H99) -> 0 | I96: =SUM(I97:I99) -> 0 | K96: =SUM(K97:K99) -> 0 | L96: =SUM(L97:L99) -> 55.55 | M96: =SUM(M97:M99) -> 0 | N96: =E96+H96+I96+K96+L96+M96 -> 55.55
D97: федер. бюджет | N97: =E97+H97+I97+K97+L97+M97 -> 0
D98: краевой бюджет | L98: 55 | N98: =E98+H98+I98+K98+L98+M98 -> 55
D99: бюджет МО | L99: 0.55 | N99: =E99+H99+I99+K99+L99+M99 -> 0.55
A100: =E15 -> I | B100: Итого по национальному проекту | D100: Всего | E100: =E101+E102+E103 -> 1.504068 | F100: =F101+F102+F103 -> 1.504068 | G100: =G101+G102+G103 -> 1.504068 | H100: =H101+H102+H103 -> 83 | I100: =I101+I102+I103 -> 41.216327 | K100: =K101+K102+K103 -> 0 | L100: =L101+L102+L103 -> 55.95 | M100: =M101+M102+M103 -> 0.4 | N100: =N101+N102+N103 -> 182.0704
B101: =F15 -> ДЕМОГРАФИЯ | D101: федер. бюджет | E101: =E41+E45+E49+E53+E57+E61+E97+E93+E89+E85+E81+E77+E73+E69+E65 -> 0 | F101: =F41+F45+F49+F53+F57+F61+F97+F93+F89+F85+F81+F77+F73+F69+F65 -> 0 | G101: =G41+G45+G49+G53+G57+G61+G97+G93+G89+G85+G81+G77+G73+G69+G65 -> 0 | H101: =H41+H45+H49+H53+H57+H61+H97+H93+H89+H85+H81+H77+H73+H69+H65 -> 68.02 | I101: =I41+I45+I49+I53+I57+I61+I97+I93+I89+I85+I81+I77+I73+I69+I65 -> 40 | K101: =K37+K41+K49+K53+K57+K61+K65+K69+K73+K77+K81+K85+K89+K93+K97 -> 0 | L101: =L41+L45+L49+L53+L57+L61+L65+L69+L73+L77+L81+L85+L89+L93+L97 -> 0 | M101: =M41+M45+M49+M53+M57+M61+M65+M69+M73+M77+M81+M85+M89+M93+M97 -> 0 | N101: =E101+H101+I101+K101+L101+M101 -> 108.02
D102: краевой бюджет | E102: =E42+E46+E50+E54+E58+E62+E98+E94+E90+E86+E82+E78+E74+E70+E66 -> 0.97 | F102: =F42+F46+F50+F54+F58+F62+F98+F94+F90+F86+F82+F78+F74+F70+F66 -> 0.97 | G102: =G42+G46+G50+G54+G58+G62+G98+G94+G90+G86+G82+G78+G74+G70+G66 -> 0.97 | H102: =H42+H46+H50+H54+H58+H62+H98+H94+H90+H86+H82+H78+H74+H70+H66 -> 12.72 | I102: =I42+I46+I50+I54+I58+I62+I98+I94+I90+I86+I82+I78+I74+I70+I66 -> 0.816327 | K102: =K38+K42+K50+K54+K58+K62+K66+K70+K74+K78+K82+K86+K90+K94+K98 -> 0 | L102: =L42+L46+L50+L54+L58+L62+L66+L70+L74+L78+L82+L86+L90+L94+L98 -> 55 | M102: =M42+M46+M50+M54+M58+M62+M66+M70+M74+M78+M82+M86+M90+M94+M98 -> 0 | N102: =E102+H102+I102+K102+L102+M102 -> 69.506327
...

Sheet Приложение 2 (СВОД)
B1: ФОРМАТ И ШРИФТЫ НЕ ИЗМЕНЯТЬ | N1: Приложение 2
A2: ='Приложение 1 (ОТЧЕТНЫЙ ПЕРИОД) '!A2:J2 -> ИНФОРМАЦИЯ по показателям и мероприятиям дорожных карт по достижению показателей Указа Президента Российской Федерации от 07.05.2018 № 204 ПОЖАРСКИЙ МУНИЦИПАЛЬНЫЙ РАЙОН | K2: ЕЖЕМЕСЯЧНАЯ форма предоставления информации | Y2: Приложение 3
A3: № п.п. | B3: Наименование показателя | C3: Базовое значение | E3: Значение показателя/ потребность в финансировании, млн рублей | J3: Примечание. Сумма контракта, дата заключения контракта, поставщик, дата завершения работ по контракту. Дата внесения изменений в план-график, планируемая дата начала конкурсных процедур, планируемая дата заключения контракта. Для контрактов на подписании - дата завершения конкурсных процедур, сумма контракта, поставщик, планируемая дата заключения контракта, дата завершения работ по контракту. Адрес расположения заверщенного объекта. | K3: ='Приложение 1 (ОТЧЕТНЫЙ ПЕРИОД) '!K3 -> ИТОГ ПРОФИНАНСИРОВАННО, млн рублей | L3: ='Приложение 1 (ОТЧЕТНЫЙ ПЕРИОД) '!L3 -> Значение показателя/ потребность в финансировании, млн рублей | N3: ВСЕГО 2019-2024 | R3: Текущее исполнение показателей, %, 2020 год
B4: ='Приложение 1 (ОТЧЕТНЫЙ ПЕРИОД) '!B4 -> городской округ (муниципальный р-н) | C4: Значение/ года | D4: Дата / вид бюджета | E4: ='Приложение 1 (ОТЧЕТНЫЙ ПЕРИОД) '!E4 -> 2020 г. (план в соответствии с бюджетом) | F4: ='Приложение 1 (ОТЧЕТНЫЙ ПЕРИОД) '!F4 -> сумма подписанного контракта по мероприятию | G4: ='Приложение 1 (ОТЧЕТНЫЙ ПЕРИОД) '!G4 -> профинанси-ровано (кассовый расход) /исполнение на 01.01.2021 | H4: ='Приложение 1 (ОТЧЕТНЫЙ ПЕРИОД) '!H4 -> 2021 г. (план в соответствии с бюджетом) | I4: ='Приложение 1 (ОТЧЕТНЫЙ ПЕРИОД) '!I4 -> 2022 г. (план в соответствии с бюджетом) | K4: ='Приложение 1 (ОТЧЕТНЫЙ ПЕРИОД) '!K4 -> 2019 г. | L4: ='Приложение 1 (ОТЧЕТНЫЙ ПЕРИОД) '!L4 -> 2023 г. | M4: ='Приложение 1 (ОТЧЕТНЫЙ ПЕРИОД) '!M4 -> 2024 г. | P4: проверочная сторока | R4: =B4 -> городской округ (муниципальный р-н) | S4: Вид бюджета | T4: =E4 -> 2020 г. (план в соответствии с бюджетом) | U4: =F4 -> сумма подписанного контракта по мероприятию | V4: =G4 -> профинанси-ровано (кассовый расход) /исполнение на 01.01.2021 | W4: %, подписанного контракта по мероприятию от запланированного, (законтрактовано) | X4: %, профинансировано (кассовый расход) /исполнение (от закантрактованного) | Y4: %, профинансировано (кассовый расход)/исполнение от ПЛАНА
B5: ВСЕГО | D5: Всего | E5: =E6+E7+E8 -> 131.03542 | F5: =F6+F7+F8 -> 131.03542 | G5: =G6+G7+G8 -> 131.03588 | H5: =H6+H7+H8 -> 496.09819 | I5: =I6+I7+I8 -> 455.72322 | K5: =K6+K7+K8 -> 114.57 | L5: =L6+L7+L8 -> 98.05 | M5: =M6+M7+M8 -> 23.39 | N5: =N6+N7+N8 -> 1318.8668 | R5: =B5 -> ВСЕГО | S5: =D5 -> Всего | T5: =E5 -> 131.03542 | U5: =F5 -> 131.03542 | V5: =G5 -> 131.03588 | W5: =F5/E5% -> 100 | X5: =G5/F5% -> 100.00035 | Y5: =V5/T5% -> 100.00035
D6: федер. бюджет | E6: =E19+E135 -> 14.7395 | F6: =F19+F135 -> 14.7395 | G6: =G19+G135 -> 14.7395 | H6: =H19+H135 -> 68.02 | I6: =I19+I135 -> 40 | K6: =K19+K135 -> 17.52 | L6: =L19+L135 -> 0 | M6: =M19+M135 -> 0 | N6: =N19+N135 -> 140.2795
D7: краевой бюджет | E7: =E20+E136 -> 99.774877 | F7: =F20+F136 -> 99.774877 | G7: =G20+G136 -> 99.774877 | H7: =H20+H136 -> 415.60014 | I7: =I20+I136 -> 382.40189 | K7: =K20+K136 -> 87.7 | L7: =L20+L136 -> 66.23 | M7: =M20+M136 -> 12.06 | N7: =N20+N136 -> 1063.7669
D8: бюджет МО | E8: =E21+E137 -> 16.521042 | F8: =F21+F137 -> 16.521042 | G8: =G21+G137 -> 16.521504 | H8: =H21+H137 -> 12.478055 | I8: =I21+I137 -> 33.321325 | K8: =K21+K137 -> 9.35 | L8: =L21+L137 -> 31.82 | M8: =M21+M137 -> 11.33 | N8: =N21+N137 -> 114.82042
B11: проверочная сторока | D11: Всего | E11: =E5-'Приложение 1 (ОТЧЕТНЫЙ ПЕРИОД) '!E5 -> 0 | F11: =F5-'Приложение 1 (ОТЧЕТНЫЙ ПЕРИОД) '!F5 -> 0 | G11: =G5-'Приложение 1 (ОТЧЕТНЫЙ ПЕРИОД) '!G5 -> 0 | H11: =H5-'Приложение 1 (ОТЧЕТНЫЙ ПЕРИОД) '!H5 -> 0 | I11: =I5-'Приложение 1 (ОТЧЕТНЫЙ ПЕРИОД) '!I5 -> 0 | K11: =K5-'Приложение 1 (ОТЧЕТНЫЙ ПЕРИОД) '!K5 -> 0 | L11: =L5-'Приложение 1 (ОТЧЕТНЫЙ ПЕРИОД) '!L5 -> 0 | M11: =M5-'Приложение 1 (ОТЧЕТНЫЙ ПЕРИОД) '!M5 -> 0 | N11: =N5-'Приложение 1 (ОТЧЕТНЫЙ ПЕРИОД) '!N5 -> 0 | P11: =SUM(E11:O11) -> 0
B12: проверочная сторока | D12: федер. бюджет | E12: =E6-'Приложение 1 (ОТЧЕТНЫЙ ПЕРИОД) '!E6 -> 0 | F12: =F6-'Приложение 1 (ОТЧЕТНЫЙ ПЕРИОД) '!F6 -> 0 | G12: =G6-'Приложение 1 (ОТЧЕТНЫЙ ПЕРИОД) '!G6 -> 0 | H12: =H6-'Приложение 1 (ОТЧЕТНЫЙ ПЕРИОД) '!H6 -> 0 | I12: =I6-'Приложение 1 (ОТЧЕТНЫЙ ПЕРИОД) '!I6 -> 0 | K12: =K6-'Приложение 1 (ОТЧЕТНЫЙ ПЕРИОД) '!K6 -> 0 | L12: =L6-'Приложение 1 (ОТЧЕТНЫЙ ПЕРИОД) '!L6 -> 0 | M12: =M6-'Приложение 1 (ОТЧЕТНЫЙ ПЕРИОД) '!M6 -> 0 | N12: =N6-'Приложение 1 (ОТЧЕТНЫЙ ПЕРИОД) '!N6 -> 0 | P12: =SUM(E12:O12) -> 0
B13: проверочная сторока | D13: краевой бюджет | E13: =E7-'Приложение 1 (ОТЧЕТНЫЙ ПЕРИОД) '!E7 -> 0 | F13: =F7-'Приложение 1 (ОТЧЕТНЫЙ ПЕРИОД) '!F7 -> 0 | G13: =G7-'Приложение 1 (ОТЧЕТНЫЙ ПЕРИОД) '!G7 -> 0 | H13: =H7-'Приложение 1 (ОТЧЕТНЫЙ ПЕРИОД) '!H7 -> 0 | I13: =I7-'Приложение 1 (ОТЧЕТНЫЙ ПЕРИОД) '!I7 -> 0 | K13: =K7-'Приложение 1 (ОТЧЕТНЫЙ ПЕРИОД) '!K7 -> 0 | L13: =L7-'Приложение 1 (ОТЧЕТНЫЙ ПЕРИОД) '!L7 -> 0 | M13: =M7-'Приложение 1 (ОТЧЕТНЫЙ ПЕРИОД) '!M7 -> 0 | N13: =N7-'Приложение 1 (ОТЧЕТНЫЙ ПЕРИОД) '!N7 -> 0 | P13: =SUM(E13:O13) -> 0
B14: проверочная сторока | D14: бюджет МО | E14: =E8-'Приложение 1 (ОТЧЕТНЫЙ ПЕРИОД) '!E8 -> 0 | F14: =F8-'Приложение 1 (ОТЧЕТНЫЙ ПЕРИОД) '!F8 -> 0 | G14: =G8-'Приложение 1 (ОТЧЕТНЫЙ ПЕРИОД) '!G8 -> 0 | H14: =H8-'Приложение 1 (ОТЧЕТНЫЙ ПЕРИОД) '!H8 -> 0 | I14: =I8-'Приложение 1 (ОТЧЕТНЫЙ ПЕРИОД) '!I8 -> 0 | K14: =K8-'Приложение 1 (ОТЧЕТНЫЙ ПЕРИОД) '!K8 -> 0 | L14: =L8-'Приложение 1 (ОТЧЕТНЫЙ ПЕРИОД) '!L8 -> 0 | M14: =M8-'Приложение 1 (ОТЧЕТНЫЙ ПЕРИОД) '!M8 -> 0 | N14: =N8-'Приложение 1 (ОТЧЕТНЫЙ ПЕРИОД) '!N8 -> 0 | P14: =SUM(E14:O14) -> 0
Y17: для формирования ПОЯСНИТЕЛЬНОЙ ЗАПИСКИ мониторинга
B18: Всего по мероприятиям национальных проектов | D18: Всего | E18: ='Приложение 1 (ОТЧЕТНЫЙ ПЕРИОД) '!E10 -> 122.99552 | F18: ='Приложение 1 (ОТЧЕТНЫЙ ПЕРИОД) '!F10 -> 122.99552 | G18: ='Приложение 1 (ОТЧЕТНЫЙ ПЕРИОД) '!G10 -> 122.99598 | H18: ='Приложение 1 (ОТЧЕТНЫЙ ПЕРИОД) '!H10 -> 496.09819 | I18: ='Приложение 1 (ОТЧЕТНЫЙ ПЕРИОД) '!I10 -> 455.72322 | K18: ='Приложение 1 (ОТЧЕТНЫЙ ПЕРИОД) '!K10 -> 114.57 | L18: ='Приложение 1 (ОТЧЕТНЫЙ ПЕРИОД) '!L10 -> 98.05 | M18: ='Приложение 1 (ОТЧЕТНЫЙ ПЕРИОД) '!M10 -> 23.39 | N18: ='Приложение 1 (ОТЧЕТНЫЙ ПЕРИОД) '!N10 -> 1310.8269 | R18: =B18 -> Всего по мероприятиям национальных проектов | S18: =D18 -> Всего | T18: =E18 -> 122.99552 | U18: =F18 -> 122.99552 | V18: =G18 -> 122.99598 | W18: =F18/E18% -> 100 | X18: =G18/F18% -> 100.00038 | Y18: =V18/T18% -> 100.00038
D19: федер. бюджет | E19: ='Приложение 1 (ОТЧЕТНЫЙ ПЕРИОД) '!E11 -> 14.3145 | F19: ='Приложение 1 (ОТЧЕТНЫЙ ПЕРИОД) '!F11 -> 14.3145 | G19: ='Приложение 1 (ОТЧЕТНЫЙ ПЕРИОД) '!G11 -> 14.3145 | H19: ='Приложение 1 (ОТЧЕТНЫЙ ПЕРИОД) '!H11 -> 68.02 | I19: ='Приложение 1 (ОТЧЕТНЫЙ ПЕРИОД) '!I11 -> 40 | K19: ='Приложение 1 (ОТЧЕТНЫЙ ПЕРИОД) '!K11 -> 17.52 | L19: ='Приложение 1 (ОТЧЕТНЫЙ ПЕРИОД) '!L11 -> 0 | M19: ='Приложение 1 (ОТЧЕТНЫЙ ПЕРИОД) '!M11 -> 0 | N19: ='Приложение 1 (ОТЧЕТНЫЙ ПЕРИОД) '!N11 -> 139.8545
D20: краевой бюджет | E20: ='Приложение 1 (ОТЧЕТНЫЙ ПЕРИОД) '!E12 -> 92.239877 | F20: ='Приложение 1 (ОТЧЕТНЫЙ ПЕРИОД) '!F12 -> 92.239877 | G20: ='Приложение 1 (ОТЧЕТНЫЙ ПЕРИОД) '!G12 -> 92.239877 | H20: ='Приложение 1 (ОТЧЕТНЫЙ ПЕРИОД) '!H12 -> 415.60014 | I20: ='Приложение 1 (ОТЧЕТНЫЙ ПЕРИОД) '!I12 -> 382.40189 | K20: ='Приложение 1 (ОТЧЕТНЫЙ ПЕРИОД) '!K12 -> 87.7 | L20: ='Приложение 1 (ОТЧЕТНЫЙ ПЕРИОД) '!L12 -> 66.23 | M20: ='Приложение 1 (ОТЧЕТНЫЙ ПЕРИОД) '!M12 -> 12.06 | N20: ='Приложение 1 (ОТЧЕТНЫЙ ПЕРИОД) '!N12 -> 1056.2319
D21: бюджет МО | E21: ='Приложение 1 (ОТЧЕТНЫЙ ПЕРИОД) '!E13 -> 16.441142 | F21: ='Приложение 1 (ОТЧЕТНЫЙ ПЕРИОД) '!F13 -> 16.441142 | G21: ='Приложение 1 (ОТЧЕТНЫЙ ПЕРИОД) '!G13 -> 16.441604 | H21: ='Приложение 1 (ОТЧЕТНЫЙ ПЕРИОД) '!H13 -> 12.478055 | I21: ='Приложение 1 (ОТЧЕТНЫЙ ПЕРИОД) '!I13 -> 33.321325 | K21: ='Приложение 1 (ОТЧЕТНЫЙ ПЕРИОД) '!K13 -> 9.35 | L21: ='Приложение 1 (ОТЧЕТНЫЙ ПЕРИОД) '!L13 -> 31.82 | M21: ='Приложение 1 (ОТЧЕТНЫЙ ПЕРИОД) '!M13 -> 11.33 | N21: ='Приложение 1 (ОТЧЕТНЫЙ ПЕРИОД) '!N13 -> 114.74052
D22: проверочная сторока | E22: =E19+E20+E21 -> 122.99552 | F22: =F19+F20+F21 -> 122.99552 | G22: =G19+G20+G21 -> 122.99598 | H22: =H19+H20+H21 -> 496.09819 | I22: =I19+I20+I21 -> 455.72322 | K22: =K19+K20+K21 -> 114.57 | L22: =L19+L20+L21 -> 98.05 | M22: =M19+M20+M21 -> 23.39 | N22: =N19+N20+N21 -> 1310.8269 | P22: =SUM(E22:O22) -> 2867.6454
D23: проверочная сторока | E23: =E22-E18 -> 0 | F23: =F22-F18 -> 0 | G23: =G22-G18 -> 0 | H23: =H22-H18 -> 0 | I23: =I22-I18 -> 0 | K23: =K22-K18 -> 0 | L23: =L22-L18 -> 0 | M23: =M22-M18 -> 0 | N23: =N22-N18 -> 0 | P23: =SUM(E23:O23) -> 0
B24: проверочная сторока | D24: Всего | E24: =E25+E26+E27 -> 122.99552 | F24: =F25+F26+F27 -> 122.99552 | G24: =G25+G26+G27 -> 122.99598 | H24: =H25+H26+H27 -> 496.09819 | I24: =I25+I26+I27 -> 455.72322 | K24: =K25+K26+K27 -> 114.57 | L24: =L25+L26+L27 -> 98.05 | M24: =M25+M26+M27 -> 23.39 | N24: =N25+N26+N27 -> 1310.8269 | P24: =SUM(E24:O24) -> 2867.6454
B25: проверочная сторока | D25: федер. бюджет | E25: =E37+E44+E62+E69+E76+E83+E90+E97+E104+E111+E118+E125 -> 14.3145 | F25: =F37+F44+F62+F69+F76+F83+F90+F97+F104+F111+F118+F125 -> 14.3145 | G25: =G37+G44+G62+G69+G76+G83+G90+G97+G104+G111+G118+G125 -> 14.3145 | H25: =H37+H44+H62+H69+H76+H83+H90+H97+H104+H111+H118+H125 -> 68.02 | I25: =I37+I44+I62+I69+I76+I83+I90+I97+I104+I111+I118+I125 -> 40 | K25: =K37+K44+K62+K69+K76+K83+K90+K97+K104+K111+K118+K125 -> 17.52 | L25: =L37+L44+L62+L69+L76+L83+L90+L97+L104+L111+L118+L125 -> 0 | M25: =M37+M44+M62+M69+M76+M83+M90+M97+M104+M111+M118+M125 -> 0 | N25: =N37+N44+N62+N69+N76+N83+N90+N97+N104+N111+N118+N125 -> 139.8545 | P25: =SUM(E25:O25) -> 308.338
B26: проверочная сторока | D26: краевой бюджет | E26: =E38+E45+E63+E70+E77+E84+E91+E98+E105+E112+E119+E126 -> 92.239877 | F26: =F38+F45+F63+F70+F77+F84+F91+F98+F105+F112+F119+F126 -> 92.239877 | G26: =G38+G45+G63+G70+G77+G84+G91+G98+G105+G112+G119+G126 -> 92.239877 | H26: =H38+H45+H63+H70+H77+H84+H91+H98+H105+H112+H119+H126 -> 415.60014 | I26: =I38+I45+I63+I70+I77+I84+I91+I98+I105+I112+I119+I126 -> 382.40189 | K26: =K38+K45+K63+K70+K77+K84+K91+K98+K105+K112+K119+K126 -> 87.7 | L26: =L38+L45+L63+L70+L77+L84+L91+L98+L105+L112+L119+L126 -> 66.23 | M26: =M38+M45+M63+M70+M77+M84+M91+M98+M105+M112+M119+M126 -> 12.06 | N26: =N38+N45+N63+N70+N77+N84+N91+N98+N105+N112+N119+N126 -> 1056.2319 | P26: =SUM(E26:O26) -> 2296.9436
B27: проверочная сторока | D27: бюджет МО | E27: =E39+E46+E64+E71+E78+E85+E92+E99+E106+E113+E120+E127 -> 16.441142 | F27: =F39+F46+F64+F71+F78+F85+F92+F99+F106+F113+F120+F127 -> 16.441142 | G27: =G39+G46+G64+G71+G78+G85+G92+G99+G106+G113+G120+G127 -> 16.441604 | H27: =H39+H46+H64+H71+H78+H85+H92+H99+H106+H113+H120+H127 -> 12.478055 | I27: =I39+I46+I64+I71+I78+I85+I92+I99+I106+I113+I120+I127 -> 33.321325 | K27: =K39+K46+K64+K71+K78+K85+K92+K99+K106+K113+K120+K127 -> 9.35 | L27: =L39+L46+L64+L71+L78+L85+L92+L99+L106+L113+L120+L127 -> 31.82 | M27: =M39+M46+M64+M71+M78+M85+M92+M99+M106+M113+M120+M127 -> 11.33 | N27: =N39+N46+N64+N71+N78+N85+N92+N99+N106+N113+N120+N127 -> 114.74052 | P27: =SUM(E27:O27) -> 262.36379
B29: проверочная сторока | D29: Всего | E29: =E24-E18 -> 0 | F29: =F24-F18 -> 0 | G29: =G24-G18 -> 0 | H29: =H24-H18 -> 0 | I29: =I24-I18 -> 0 | K29: =K24-K18 -> 0 | L29: =L24-L18 -> 0 | M29: =M24-M18 -> 0 | N29: =N24-N18 -> 0 | P29: =SUM(E29:O29) -> 0
B30: проверочная сторока | D30: федер. бюджет | E30: =E25-E19 -> 0 | F30: =F25-F19 -> 0 | G30: =G25-G19 -> 0 | H30: =H25-H19 -> 0 | I30: =I25-I19 -> 0 | K30: =K25-K19 -> 0 | L30: =L25-L19 -> 0 | M30: =M25-M19 -> 0 | N30: =N25-N19 -> 0 | P30: =SUM(E30:O30) -> 0
B31: проверочная сторока | D31: краевой бюджет | E31: =E26-E20 -> 0 | F31: =F26-F20 -> 0 | G31: =G26-G20 -> 0 | H31: =H26-H20 -> 0 | I31: =I26-I20 -> 0 | K31: =K26-K20 -> 0 | L31: =L26-L20 -> 0 | M31: =M26-M20 -> 0 | N31: =N26-N20 -> 0 | P31: =SUM(E31:O31) -> 0
B32: проверочная сторока | D32: бюджет МО | E32: =E27-E21 -> 0 | F32: =F27-F21 -> 0 | G32: =G27-G21 -> 0 | H32: =H27-H21 -> 0 | I32: =I27-I21 -> 0 | K32: =K27-K21 -> 0 | L32: =L27-L21 -> 0 | M32: =M27-M21 -> 0 | N32: =N27-N21 -> 0 | P32: =SUM(E32:O32) -> 0
E35: I | F35: ДЕМОГРАФИЯ
A36: =E35 -> I | B36: Итого по национальному проекту | D36: Всего | E36: ='Приложение 1 (ОТЧЕТНЫЙ ПЕРИОД) '!E100 -> 1.504068 | F36: ='Приложение 1 (ОТЧЕТНЫЙ ПЕРИОД) '!F100 -> 1.504068 | G36: ='Приложение 1 (ОТЧЕТНЫЙ ПЕРИОД) '!G100 -> 1.504068 | H36: ='Приложение 1 (ОТЧЕТНЫЙ ПЕРИОД) '!H100 -> 83 | I36: ='Приложение 1 (ОТЧЕТНЫЙ ПЕРИОД) '!I100 -> 41.216327 | K36: ='Приложение 1 (ОТЧЕТНЫЙ ПЕРИОД) '!K100 -> 0 | L36: ='Приложение 1 (ОТЧЕТНЫЙ ПЕРИОД) '!L100 -> 55.95 | M36: ='Приложение 1 (ОТЧЕТНЫЙ ПЕРИОД) '!M100 -> 0.4 | N36: ='Приложение 1 (ОТЧЕТНЫЙ ПЕРИОД) '!N100 -> 182.0704 | R36: =B37 -> ДЕМОГРАФИЯ | S36: =D36 -> Всего | T36: =E36 -> 1.504068 | U36: =F36 -> 1.504068 | V36: =G36 -> 1.504068 | W36: =F36/E36% -> 100 | X36: =G36/F36% -> 100 | Y36: =V36/T36% -> 100
B37: =F35 -> ДЕМОГРАФИЯ | D37: федер. бюджет | E37: ='Приложение 1 (ОТЧЕТНЫЙ ПЕРИОД) '!E101 -> 0 | F37: ='Приложение 1 (ОТЧЕТНЫЙ ПЕРИОД) '!F101 -> 0 | G37: ='Приложение 1 (ОТЧЕТНЫЙ ПЕРИОД) '!G101 -> 0 | H37: ='Приложение 1 (ОТЧЕТНЫЙ ПЕРИОД) '!H101 -> 68.02 | I37: ='Приложение 1 (ОТЧЕТНЫЙ ПЕРИОД) '!I101 -> 40 | K37: ='Приложение 1 (ОТЧЕТНЫЙ ПЕРИОД) '!K101 -> 0 | L37: ='Приложение 1 (ОТЧЕТНЫЙ ПЕРИОД) '!L101 -> 0 | M37: ='Приложение 1 (ОТЧЕТНЫЙ ПЕРИОД) '!M101 -> 0 | N37: ='Приложение 1 (ОТЧЕТНЫЙ ПЕРИОД) '!N101 -> 108.02
D38: краевой бюджет | E38: ='Приложение 1 (ОТЧЕТНЫЙ ПЕРИОД) '!E102 -> 0.97 | F38: ='Приложение 1 (ОТЧЕТНЫЙ ПЕРИОД) '!F102 -> 0.97 | G38: ='Приложение 1 (ОТЧЕТНЫЙ ПЕРИОД) '!G102 -> 0.97 | H38: ='Приложение 1 (ОТЧЕТНЫЙ ПЕРИОД) '!H102 -> 12.72 | I38: ='Приложение 1 (ОТЧЕТНЫЙ ПЕРИОД) '!I102 -> 0.816327 | K38: ='Приложение 1 (ОТЧЕТНЫЙ ПЕРИОД) '!K102 -> 0 | L38: ='Приложение 1 (ОТЧЕТНЫЙ ПЕРИОД) '!L102 -> 55 | M38: ='Приложение 1 (ОТЧЕТНЫЙ ПЕРИОД) '!M102 -> 0 | N38: ='Приложение 1 (ОТЧЕТНЫЙ ПЕРИОД) '!N102 -> 69.506327
D39: бюджет МО | E39: ='Приложение 1 (ОТЧЕТНЫЙ ПЕРИОД) '!E103 -> 0.534068 | F39: ='Приложение 1 (ОТЧЕТНЫЙ ПЕРИОД) '!F103 -> 0.534068 | G39: ='Приложение 1 (ОТЧЕТНЫЙ ПЕРИОД) '!G103 -> 0.534068 | H39: ='Приложение 1 (ОТЧЕТНЫЙ ПЕРИОД) '!H103 -> 2.26 | I39: ='Приложение 1 (ОТЧЕТНЫЙ ПЕРИОД) '!I103 -> 0.4 | K39: ='Приложение 1 (ОТЧЕТНЫЙ ПЕРИОД) '!K103 -> 0 | L39: ='Приложение 1 (ОТЧЕТНЫЙ ПЕРИОД) '!L103 -> 0.95 | M39: ='Приложение 1 (ОТЧЕТНЫЙ ПЕРИОД) '!M103 -> 0.4 | N39: ='Приложение 1 (ОТЧЕТНЫЙ ПЕРИОД) '!N103 -> 4.544068
D40: проверочная сторока | E40: =E37+E38+E39 -> 1.504068 | F40: =F37+F38+F39 -> 1.504068 | G40: =G37+G38+G39 -> 1.504068 | H40: =H37+H38+H39 -> 83 | I40: =I37+I38+I39 -> 41.216327 | K40: =K37+K38+K39 -> 0 | L40: =L37+L38+L39 -> 55.95 | M40: =M37+M38+M39 -> 0.4 | N40: =N37+N38+N39 -> 182.0704 | P40: =SUM(E40:O40) -> 367.14893
D41: проверочная сторока | E41: =E40-E36 -> 0 | F41: =F40-F36 -> 0 | G41: =G40-G36 -> 0 | H41: =H40-H36 -> 0 | I41: =I40-I36 -> 0 | K41: =K40-K36 -> 0 | L41: =L40-L36 -> 0 | M41: =M40-M36 -> 0 | N41: =N40-N36 -> 0 | P41: =SUM(E41:O41) -> 0
E42: II | F42: ЗДРАВООХРАНЕНИЕ
A43: =E42 -> II | B43: Итого по национальному проекту | D43: Всего | E43: ='Приложение 1 (ОТЧЕТНЫЙ ПЕРИОД) '!E138 -> 0 | F43: ='Приложение 1 (ОТЧЕТНЫЙ ПЕРИОД) '!F138 -> 0 | G43: ='Приложение 1 (ОТЧЕТНЫЙ ПЕРИОД) '!G138 -> 0 | H43: ='Приложение 1 (ОТЧЕТНЫЙ ПЕРИОД) '!H138 -> 0 | I43: ='Приложение 1 (ОТЧЕТНЫЙ ПЕРИОД) '!I138 -> 0 | K43: ='Приложение 1 (ОТЧЕТНЫЙ ПЕРИОД) '!K138 -> 0 | L43: ='Приложение 1 (ОТЧЕТНЫЙ ПЕРИОД) '!L138 -> 0 | M43: ='Приложение 1 (ОТЧЕТНЫЙ ПЕРИОД) '!M138 -> 0 | N43: ='Приложение 1 (ОТЧЕТНЫЙ ПЕРИОД) '!N138 -> 0 | R43: =B44 -> ЗДРАВООХРАНЕНИЕ | S43: =D43 -> Всего | T43: =E43 -> 0 | U43: =F43 -> 0 | V43: =G43 -> 0 | W43: =F43/E43% -> #DIV/0! | X43: =G43/F43% -> #DIV/0! | Y43: =V43/T43% -> #DIV/0!
B44: =F42 -> ЗДРАВООХРАНЕНИЕ | D44: федер. бюджет | E44: ='Приложение 1 (ОТЧЕТНЫЙ ПЕРИОД) '!E139 -> 0 | F44: ='Приложение 1 (ОТЧЕТНЫЙ ПЕРИОД) '!F139 -> 0 | G44: ='Приложение 1 (ОТЧЕТНЫЙ ПЕРИОД) '!G139 -> 0 | H44: ='Приложение 1 (ОТЧЕТНЫЙ ПЕРИОД) '!H139 -> 0 | I44: ='Приложение 1 (ОТЧЕТНЫЙ ПЕРИОД) '!I139 -> 0 | K44: ='Приложение 1 (ОТЧЕТНЫЙ ПЕРИОД) '!K139 -> 0 | L44: ='Приложение 1 (ОТЧЕТНЫЙ ПЕРИОД) '!L139 -> 0 | M44: ='Приложение 1 (ОТЧЕТНЫЙ ПЕРИОД) '!M139 -> 0 | N44: ='Приложение 1 (ОТЧЕТНЫЙ ПЕРИОД) '!N139 -> 0
D45: краевой бюджет | E45: ='Приложение 1 (ОТЧЕТНЫЙ ПЕРИОД) '!E140 -> 0 | F45: ='Приложение 1 (ОТЧЕТНЫЙ ПЕРИОД) '!F140 -> 0 | G45: ='Приложение 1 (ОТЧЕТНЫЙ ПЕРИОД) '!G140 -> 0 | H45: ='Приложение 1 (ОТЧЕТНЫЙ ПЕРИОД) '!H140 -> 0 | I45: ='Приложение 1 (ОТЧЕТНЫЙ ПЕРИОД) '!I140 -> 0 | K45: ='Приложение 1 (ОТЧЕТНЫЙ ПЕРИОД) '!K140 -> 0 | L45: ='Приложение 1 (ОТЧЕТНЫЙ ПЕРИОД) '!L140 -> 0 | M45: ='Приложение 1 (ОТЧЕТНЫЙ ПЕРИОД) '!M140 -> 0 | N45: ='Приложение 1 (ОТЧЕТНЫЙ ПЕРИОД) '!N140 -> 0
D46: бюджет МО | E46: ='Приложение 1 (ОТЧЕТНЫЙ ПЕРИОД) '!E141 -> 0 | F46: ='Приложение 1 (ОТЧЕТНЫЙ ПЕРИОД) '!F141 -> 0 | G46: ='Приложение 1 (ОТЧЕТНЫЙ ПЕРИОД) '!G141 -> 0 | H46: ='Приложение 1 (ОТЧЕТНЫЙ ПЕРИОД) '!H141 -> 0 | I46: ='Приложение 1 (ОТЧЕТНЫЙ ПЕРИОД) '!I141 -> 0 | K46: ='Приложение 1 (ОТЧЕТНЫЙ ПЕРИОД) '!K141 -> 0 | L46: ='Приложение 1 (ОТЧЕТНЫЙ ПЕРИОД) '!L141 -> 0 | M46: ='Приложение 1 (ОТЧЕТНЫЙ ПЕРИОД) '!M141 -> 0 | N46: ='Приложение 1 (ОТЧЕТНЫЙ ПЕРИОД) '!N141 -> 0
D47: проверочная сторока | E47: =E44+E45+E46 -> 0 | F47: =F44+F45+F46 -> 0 | G47: =G44+G45+G46 -> 0 | H47: =H44+H45+H46 -> 0 | I47: =I44+I45+I46 -> 0 | K47: =K44+K45+K46 -> 0 | L47: =L44+L45+L46 -> 0 | M47: =M44+M45+M46 -> 0 | N47: =N44+N45+N46 -> 0 | P47: =SUM(E47:O47) -> 0
D48: проверочная сторока | E48: =E47-E43 -> 0 | F48: =F47-F43 -> 0 | G48: =G47-G43 -> 0 | H48: =H47-H43 -> 0 | I48: =I47-I43 -> 0 | K48: =K47-K43 -> 0 | L48: =L47-L43 -> 0 | M48: =M47-M43 -> 0 | N48: =N47-N43 -> 0 | P48: =SUM(E48:O48) -> 0
A49: Показатели для оценки деятельности глав муниципальных образований Приморского края по достижению задач регионального проекта «Здравоохранение» на 2020 год
A50: 1 | B50: Количество сохраненных жизней (по сравнению с 2019 годом) | E50: ='Приложение 1 (ОТЧЕТНЫЙ ПЕРИОД) '!E106 -> 0 | F50: ='Приложение 1 (ОТЧЕТНЫЙ ПЕРИОД) '!F106 -> 0 | G50: ='Приложение 1 (ОТЧЕТНЫЙ ПЕРИОД) '!G106 -> 0 | H50: ='Приложение 1 (ОТЧЕТНЫЙ ПЕРИОД) '!H106 -> 0 | I50: ='Приложение 1 (ОТЧЕТНЫЙ ПЕРИОД) '!I106 -> 0 | K50: ='Приложение 1 (ОТЧЕТНЫЙ ПЕРИОД) '!K106 -> 0 | L50: ='Приложение 1 (ОТЧЕТНЫЙ ПЕРИОД) '!L106 -> 0 | M50: ='Приложение 1 (ОТЧЕТНЫЙ ПЕРИОД) '!M106 -> 0 | N50: ='Приложение 1 (ОТЧЕТНЫЙ ПЕРИОД) '!N106 -> 0
B51: городской округ (муниципальный р-н) | E51: ='Приложение 1 (ОТЧЕТНЫЙ ПЕРИОД) '!E107 -> указать плановое значение 2020 года по показателю | F51: ='Приложение 1 (ОТЧЕТНЫЙ ПЕРИОД) '!F107 -> 0 | G51: ='Приложение 1 (ОТЧЕТНЫЙ ПЕРИОД) '!G107 -> 0 | H51: ='Приложение 1 (ОТЧЕТНЫЙ ПЕРИОД) '!H107 -> 0 | I51: ='Приложение 1 (ОТЧЕТНЫЙ ПЕРИОД) '!I107 -> 0 | K51: ='Приложение 1 (ОТЧЕТНЫЙ ПЕРИОД) '!K107 -> 0 | L51: ='Приложение 1 (ОТЧЕТНЫЙ ПЕРИОД) '!L107 -> 0 | M51: ='Приложение 1 (ОТЧЕТНЫЙ ПЕРИОД) '!M107 -> 0 | N51: ='Приложение 1 (ОТЧЕТНЫЙ ПЕРИОД) '!N107 -> 0
A52: 2 | B52: Число граждан в возрасте 21 год и старше, прошедших в 2020 году диспансеризацию (1 эт.) | E52: ='Приложение 1 (ОТЧЕТНЫЙ ПЕРИОД) '!E108 -> 0 | F52: ='Приложение 1 (ОТЧЕТНЫЙ ПЕРИОД) '!F108 -> 0 | G52: ='Приложение 1 (ОТЧЕТНЫЙ ПЕРИОД) '!G108 -> 0 | H52: ='Приложение 1 (ОТЧЕТНЫЙ ПЕРИОД) '!H108 -> 0 | I52: ='Приложение 1 (ОТЧЕТНЫЙ ПЕРИОД) '!I108 -> 0 | K52: ='Приложение 1 (ОТЧЕТНЫЙ ПЕРИОД) '!K108 -> 0 | L52: ='Приложение 1 (ОТЧЕТНЫЙ ПЕРИОД) '!L108 -> 0 | M52: ='Приложение 1 (ОТЧЕТНЫЙ ПЕРИОД) '!M108 -> 0 | N52: ='Приложение 1 (ОТЧЕТНЫЙ ПЕРИОД) '!N108 -> 0
B53: городской округ (муниципальный р-н) | E53: ='Приложение 1 (ОТЧЕТНЫЙ ПЕРИОД) '!E109 -> указать плановое значение 2020 года по показателю | F53: ='Приложение 1 (ОТЧЕТНЫЙ ПЕРИОД) '!F109 -> 0 | G53: ='Приложение 1 (ОТЧЕТНЫЙ ПЕРИОД) '!G109 -> 0 | H53: ='Приложение 1 (ОТЧЕТНЫЙ ПЕРИОД) '!H109 -> 0 | I53: ='Приложение 1 (ОТЧЕТНЫЙ ПЕРИОД) '!I109 -> 0 | K53: ='Приложение 1 (ОТЧЕТНЫЙ ПЕРИОД) '!K109 -> 0 | L53: ='Приложение 1 (ОТЧЕТНЫЙ ПЕРИОД) '!L109 -> 0 | M53: ='Приложение 1 (ОТЧЕТНЫЙ ПЕРИОД) '!M109 -> 0 | N53: ='Приложение 1 (ОТЧЕТНЫЙ ПЕРИОД) '!N109 -> 0
A54: 3 | B54: Количество дополнительно трудоустроившихся в 2020 году специалистов (по сравнению с 2019 годом) - врачей | E54: ='Приложение 1 (ОТЧЕТНЫЙ ПЕРИОД) '!E110 -> 0 | F54: ='Приложение 1 (ОТЧЕТНЫЙ ПЕРИОД) '!F110 -> 0 | G54: ='Приложение 1 (ОТЧЕТНЫЙ ПЕРИОД) '!G110 -> 0 | H54: ='Приложение 1 (ОТЧЕТНЫЙ ПЕРИОД) '!H110 -> 0 | I54: ='Приложение 1 (ОТЧЕТНЫЙ ПЕРИОД) '!I110 -> 0 | K54: ='Приложение 1 (ОТЧЕТНЫЙ ПЕРИОД) '!K110 -> 0 | L54: ='Приложение 1 (ОТЧЕТНЫЙ ПЕРИОД) '!L110 -> 0 | M54: ='Приложение 1 (ОТЧЕТНЫЙ ПЕРИОД) '!M110 -> 0 | N54: ='Приложение 1 (ОТЧЕТНЫЙ ПЕРИОД) '!N110 -> 0
B55: городской округ (муниципальный р-н) | E55: ='Приложение 1 (ОТЧЕТНЫЙ ПЕРИОД) '!E111 -> указать плановое значение 2020 года по показателю | F55: ='Приложение 1 (ОТЧЕТНЫЙ ПЕРИОД) '!F111 -> 0 | G55: ='Приложение 1 (ОТЧЕТНЫЙ ПЕРИОД) '!G111 -> 0 | H55: ='Приложение 1 (ОТЧЕТНЫЙ ПЕРИОД) '!H111 -> 0 | I55: ='Приложение 1 (ОТЧЕТНЫЙ ПЕРИОД) '!I111 -> 0 | K55: ='Приложение 1 (ОТЧЕТНЫЙ ПЕРИОД) '!K111 -> 0 | L55: ='Приложение 1 (ОТЧЕТНЫЙ ПЕРИОД) '!L111 -> 0 | M55: ='Приложение 1 (ОТЧЕТНЫЙ ПЕРИОД) '!M111 -> 0 | N55: ='Приложение 1 (ОТЧЕТНЫЙ ПЕРИОД) '!N111 -> 0
A56: 4 | B56: Количество дополнительно трудоустроившихся в 2020 году специалистов (по сравнению с 2019 годом) - средних медработников | E56: ='Приложение 1 (ОТЧЕТНЫЙ ПЕРИОД) '!E112 -> 0 | F56: ='Приложение 1 (ОТЧЕТНЫЙ ПЕРИОД) '!F112 -> 0 | G56: ='Приложение 1 (ОТЧЕТНЫЙ ПЕРИОД) '!G112 -> 0 | H56: ='Приложение 1 (ОТЧЕТНЫЙ ПЕРИОД) '!H112 -> 0 | I56: ='Приложение 1 (ОТЧЕТНЫЙ ПЕРИОД) '!I112 -> 0 | K56: ='Приложение 1 (ОТЧЕТНЫЙ ПЕРИОД) '!K112 -> 0 | L56: ='Приложение 1 (ОТЧЕТНЫЙ ПЕРИОД) '!L112 -> 0 | M56: ='Приложение 1 (ОТЧЕТНЫЙ ПЕРИОД) '!M112 -> 0 | N56: ='Приложение 1 (ОТЧЕТНЫЙ ПЕРИОД) '!N112 -> 0
B57: городской округ (муниципальный р-н) | E57: ='Приложение 1 (ОТЧЕТНЫЙ ПЕРИОД) '!E113 -> указать плановое значение 2020 года по показателю | F57: ='Приложение 1 (ОТЧЕТНЫЙ ПЕРИОД) '!F113 -> 0 | G57: ='Приложение 1 (ОТЧЕТНЫЙ ПЕРИОД) '!G113 -> 0 | H57: ='Приложение 1 (ОТЧЕТНЫЙ ПЕРИОД) '!H113 -> 0 | I57: ='Приложение 1 (ОТЧЕТНЫЙ ПЕРИОД) '!I113 -> 0 | K57: ='Приложение 1 (ОТЧЕТНЫЙ ПЕРИОД) '!K113 -> 0 | L57: ='Приложение 1 (ОТЧЕТНЫЙ ПЕРИОД) '!L113 -> 0 | M57: ='Приложение 1 (ОТЧЕТНЫЙ ПЕРИОД) '!M113 -> 0 | N57: ='Приложение 1 (ОТЧЕТНЫЙ ПЕРИОД) '!N113 -> 0
E60: III | F60: ОБРАЗОВАНИЕ
A61: =E60 -> III | B61: Итого по национальному проекту | D61: Всего | E61: ='Приложение 1 (ОТЧЕТНЫЙ ПЕРИОД) '!E303 -> 8.691185 | F61: ='Приложение 1 (ОТЧЕТНЫЙ ПЕРИОД) '!F303 -> 8.691185 | G61: ='Приложение 1 (ОТЧЕТНЫЙ ПЕРИОД) '!G303 -> 8.691185 | H61: ='Приложение 1 (ОТЧЕТНЫЙ ПЕРИОД) '!H303 -> 334.69259 | I61: ='Приложение 1 (ОТЧЕТНЫЙ ПЕРИОД) '!I303 -> 238.75489 | K61: ='Приложение 1 (ОТЧЕТНЫЙ ПЕРИОД) '!K303 -> 33.88 | L61: ='Приложение 1 (ОТЧЕТНЫЙ ПЕРИОД) '!L303 -> 5.16 | M61: ='Приложение 1 (ОТЧЕТНЫЙ ПЕРИОД) '!M303 -> 5.21 | N61: ='Приложение 1 (ОТЧЕТНЫЙ ПЕРИОД) '!N303 -> 626.38866 | R61: =B62 -> ОБРАЗОВАНИЕ | S61: =D61 -> Всего | T61: =E61 -> 8.691185 | U61: =F61 -> 8.691185 | V61: =G61 -> 8.691185 | W61: =F61/E61% -> 100 | X61: =G61/F61% -> 100 | Y61: =V61/T61% -> 100
B62: =F60 -> ОБРАЗОВАНИЕ | D62: федер. бюджет | E62: ='Приложение 1 (ОТЧЕТНЫЙ ПЕРИОД) '!E304 -> 0 | F62: ='Приложение 1 (ОТЧЕТНЫЙ ПЕРИОД) '!F304 -> 0 | G62: ='Приложение 1 (ОТЧЕТНЫЙ ПЕРИОД) '!G304 -> 0 | H62: ='Приложение 1 (ОТЧЕТНЫЙ ПЕРИОД) '!H304 -> 0 | I62: ='Приложение 1 (ОТЧЕТНЫЙ ПЕРИОД) '!I304 -> 0 | K62: ='Приложение 1 (ОТЧЕТНЫЙ ПЕРИОД) '!K304 -> 0 | L62: ='Приложение 1 (ОТЧЕТНЫЙ ПЕРИОД) '!L304 -> 0 | M62: ='Приложение 1 (ОТЧЕТНЫЙ ПЕРИОД) '!M304 -> 0 | N62: ='Приложение 1 (ОТЧЕТНЫЙ ПЕРИОД) '!N304 -> 0
D63: краевой бюджет | E63: ='Приложение 1 (ОТЧЕТНЫЙ ПЕРИОД) '!E305 -> 3.35 | F63: ='Приложение 1 (ОТЧЕТНЫЙ ПЕРИОД) '!F305 -> 3.35 | G63: ='Приложение 1 (ОТЧЕТНЫЙ ПЕРИОД) '!G305 -> 3.35 | H63: ='Приложение 1 (ОТЧЕТНЫЙ ПЕРИОД) '!H305 -> 325.36159 | I63: ='Приложение 1 (ОТЧЕТНЫЙ ПЕРИОД) '!I305 -> 237.18556 | K63: ='Приложение 1 (ОТЧЕТНЫЙ ПЕРИОД) '!K305 -> 30.3 | L63: ='Приложение 1 (ОТЧЕТНЫЙ ПЕРИОД) '!L305 -> 4.5 | M63: ='Приложение 1 (ОТЧЕТНЫЙ ПЕРИОД) '!M305 -> 4.5 | N63: ='Приложение 1 (ОТЧЕТНЫЙ ПЕРИОД) '!N305 -> 605.19715
D64: бюджет МО | E64: ='Приложение 1 (ОТЧЕТНЫЙ ПЕРИОД) '!E306 -> 5.341185 | F64: ='Приложение 1 (ОТЧЕТНЫЙ ПЕРИОД) '!F306 -> 5.341185 | G64: ='Приложение 1 (ОТЧЕТНЫЙ ПЕРИОД) '!G306 -> 5.341185 | H64: ='Приложение 1 (ОТЧЕТНЫЙ ПЕРИОД) '!H306 -> 9.331 | I64: ='Приложение 1 (ОТЧЕТНЫЙ ПЕРИОД) '!I306 -> 1.569325 | K64: ='Приложение 1 (ОТЧЕТНЫЙ ПЕРИОД) '!K306 -> 3.58 | L64: ='Приложение 1 (ОТЧЕТНЫЙ ПЕРИОД) '!L306 -> 0.66 | M64: ='Приложение 1 (ОТЧЕТНЫЙ ПЕРИОД) '!M306 -> 0.71 | N64: ='Приложение 1 (ОТЧЕТНЫЙ ПЕРИОД) '!N306 -> 21.19151
D65: проверочная сторока | E65: =E62+E63+E64 -> 8.691185 | F65: =F62+F63+F64 -> 8.691185 | G65: =G62+G63+G64 -> 8.691185 | H65: =H62+H63+H64 -> 334.69259 | I65: =I62+I63+I64 -> 238.75489 | K65: =K62+K63+K64 -> 33.88 | L65: =L62+L63+L64 -> 5.16 | M65: =M62+M63+M64 -> 5.21 | N65: =N62+N63+N64 -> 626.38866 | P65: =SUM(E65:O65) -> 1270.1597
D66: проверочная сторока | E66: =E65-E61 -> 0 | F66: =F65-F61 -> 0 | G66: =G65-G61 -> 0 | H66: =H65-H61 -> 0 | I66: =I65-I61 -> 0 | K66: =K65-K61 -> 0 | L66: =L65-L61 -> 0 | M66: =M65-M61 -> 0 | N66: =N65-N61 -> 0 | P66: =SUM(E66:O66) -> 0
E67: IV | F67: ЖИЛЬЕ И ГОРОДСКАЯ СРЕДА
A68: =E67 -> IV | B68: Итого по национальному проекту | D68: Всего | E68: ='Приложение 1 (ОТЧЕТНЫЙ ПЕРИОД) '!E348 -> 47.95214 | F68: ='Приложение 1 (ОТЧЕТНЫЙ ПЕРИОД) '!F348 -> 47.95214 | G68: ='Приложение 1 (ОТЧЕТНЫЙ ПЕРИОД) '!G348 -> 47.95214 | H68: ='Приложение 1 (ОТЧЕТНЫЙ ПЕРИОД) '!H348 -> 0 | I68: ='Приложение 1 (ОТЧЕТНЫЙ ПЕРИОД) '!I348 -> 0 | K68: ='Приложение 1 (ОТЧЕТНЫЙ ПЕРИОД) '!K348 -> 41.77 | L68: ='Приложение 1 (ОТЧЕТНЫЙ ПЕРИОД) '!L348 -> 0 | M68: ='Приложение 1 (ОТЧЕТНЫЙ ПЕРИОД) '!M348 -> 0 | N68: ='Приложение 1 (ОТЧЕТНЫЙ ПЕРИОД) '!N348 -> 89.72214 | R68: =B69 -> ЖИЛЬЕ И ГОРОДСКАЯ СРЕДА | S68: =D68 -> Всего | T68: =E68 -> 47.95214 | U68: =F68 -> 47.95214 | V68: =G68 -> 47.95214 | W68: =F68/E68% -> 100 | X68: =G68/F68% -> 100 | Y68: =V68/T68% -> 100
B69: =F67 -> ЖИЛЬЕ И ГОРОДСКАЯ СРЕДА | D69: федер. бюджет | E69: ='Приложение 1 (ОТЧЕТНЫЙ ПЕРИОД) '!E349 -> 14.227 | F69: ='Приложение 1 (ОТЧЕТНЫЙ ПЕРИОД) '!F349 -> 14.227 | G69: ='Приложение 1 (ОТЧЕТНЫЙ ПЕРИОД) '!G349 -> 14.227 | H69: ='Приложение 1 (ОТЧЕТНЫЙ ПЕРИОД) '!H349 -> 0 | I69: ='Приложение 1 (ОТЧЕТНЫЙ ПЕРИОД) '!I349 -> 0 | K69: ='Приложение 1 (ОТЧЕТНЫЙ ПЕРИОД) '!K349 -> 17.03 | L69: ='Приложение 1 (ОТЧЕТНЫЙ ПЕРИОД) '!L349 -> 0 | M69: ='Приложение 1 (ОТЧЕТНЫЙ ПЕРИОД) '!M349 -> 0 | N69: ='Приложение 1 (ОТЧЕТНЫЙ ПЕРИОД) '!N349 -> 31.257
D70: краевой бюджет | E70: ='Приложение 1 (ОТЧЕТНЫЙ ПЕРИОД) '!E350 -> 32.018747 | F70: ='Приложение 1 (ОТЧЕТНЫЙ ПЕРИОД) '!F350 -> 32.018747 | G70: ='Приложение 1 (ОТЧЕТНЫЙ ПЕРИОД) '!G350 -> 32.018747 | H70: ='Приложение 1 (ОТЧЕТНЫЙ ПЕРИОД) '!H350 -> 0 | I70: ='Приложение 1 (ОТЧЕТНЫЙ ПЕРИОД) '!I350 -> 0 | K70: ='Приложение 1 (ОТЧЕТНЫЙ ПЕРИОД) '!K350 -> 23 | L70: ='Приложение 1 (ОТЧЕТНЫЙ ПЕРИОД) '!L350 -> 0 | M70: ='Приложение 1 (ОТЧЕТНЫЙ ПЕРИОД) '!M350 -> 0 | N70: ='Приложение 1 (ОТЧЕТНЫЙ ПЕРИОД) '!N350 -> 55.018747
D71: бюджет МО | E71: ='Приложение 1 (ОТЧЕТНЫЙ ПЕРИОД) '!E351 -> 1.7063927 | F71: ='Приложение 1 (ОТЧЕТНЫЙ ПЕРИОД) '!F351 -> 1.7063927 | G71: ='Приложение 1 (ОТЧЕТНЫЙ ПЕРИОД) '!G351 -> 1.7063927 | H71: ='Приложение 1 (ОТЧЕТНЫЙ ПЕРИОД) '!H351 -> 0 | I71: ='Приложение 1 (ОТЧЕТНЫЙ ПЕРИОД) '!I351 -> 0 | K71: ='Приложение 1 (ОТЧЕТНЫЙ ПЕРИОД) '!K351 -> 1.74 | L71: ='Приложение 1 (ОТЧЕТНЫЙ ПЕРИОД) '!L351 -> 0 | M71: ='Приложение 1 (ОТЧЕТНЫЙ ПЕРИОД) '!M351 -> 0 | N71: ='Приложение 1 (ОТЧЕТНЫЙ ПЕРИОД) '!N351 -> 3.4463926
D72: проверочная сторока | E72: =E69+E70+E71 -> 47.95214 | F72: =F69+F70+F71 -> 47.95214 | G72: =G69+G70+G71 -> 47.95214 | H72: =H69+H70+H71 -> 0 | I72: =I69+I70+I71 -> 0 | K72: =K69+K70+K71 -> 41.77 | L72: =L69+L70+L71 -> 0 | M72: =M69+M70+M71 -> 0 | N72: =N69+N70+N71 -> 89.72214 | P72: =SUM(E72:O72) -> 275.34856
D73: проверочная сторока | E73: =E72-E68 -> 0 | F73: =F72-F68 -> 0 | G73: =G72-G68 -> 0 | H73: =H72-H68 -> 0 | I73: =I72-I68 -> 0 | K73: =K72-K68 -> 0 | L73: =L72-L68 -> 0 | M73: =M72-M68 -> 0 | N73: =N72-N68 -> 0 | P73: =SUM(E73:O73) -> 0
E74: V | F74: ЭКОЛОГИЯ
A75: =E74 -> V | B75: Итого по национальному проекту | D75: Всего | E75: ='Приложение 1 (ОТЧЕТНЫЙ ПЕРИОД) '!E389 -> 0 | F75: ='Приложение 1 (ОТЧЕТНЫЙ ПЕРИОД) '!F389 -> 0 | G75: ='Приложение 1 (ОТЧЕТНЫЙ ПЕРИОД) '!G389 -> 0 | H75: ='Приложение 1 (ОТЧЕТНЫЙ ПЕРИОД) '!H389 -> 54.5 | I75: ='Приложение 1 (ОТЧЕТНЫЙ ПЕРИОД) '!I389 -> 84.5 | K75: ='Приложение 1 (ОТЧЕТНЫЙ ПЕРИОД) '!K389 -> 33.71 | L75: ='Приложение 1 (ОТЧЕТНЫЙ ПЕРИОД) '!L389 -> 30 | M75: ='Приложение 1 (ОТЧЕТНЫЙ ПЕРИОД) '!M389 -> 10 | N75: ='Приложение 1 (ОТЧЕТНЫЙ ПЕРИОД) '!N389 -> 212.71 | R75: =B76 -> ЭКОЛОГИЯ | S75: =D75 -> Всего | T75: =E75 -> 0 | U75: =F75 -> 0 | V75: =G75 -> 0 | W75: =F75/E75% -> #DIV/0! | X75: =G75/F75% -> #DIV/0! | Y75: =V75/T75% -> #DIV/0!
B76: =F74 -> ЭКОЛОГИЯ | D76: федер. бюджет | E76: ='Приложение 1 (ОТЧЕТНЫЙ ПЕРИОД) '!E390 -> 0 | F76: ='Приложение 1 (ОТЧЕТНЫЙ ПЕРИОД) '!F390 -> 0 | G76: ='Приложение 1 (ОТЧЕТНЫЙ ПЕРИОД) '!G390 -> 0 | H76: ='Приложение 1 (ОТЧЕТНЫЙ ПЕРИОД) '!H390 -> 0 | I76: ='Приложение 1 (ОТЧЕТНЫЙ ПЕРИОД) '!I390 -> 0 | K76: ='Приложение 1 (ОТЧЕТНЫЙ ПЕРИОД) '!K390 -> 0 | L76: ='Приложение 1 (ОТЧЕТНЫЙ ПЕРИОД) '!L390 -> 0 | M76: ='Приложение 1 (ОТЧЕТНЫЙ ПЕРИОД) '!M390 -> 0 | N76: ='Приложение 1 (ОТЧЕТНЫЙ ПЕРИОД) '!N390 -> 0
D77: краевой бюджет | E77: ='Приложение 1 (ОТЧЕТНЫЙ ПЕРИОД) '!E391 -> 0 | F77: ='Приложение 1 (ОТЧЕТНЫЙ ПЕРИОД) '!F391 -> 0 | G77: ='Приложение 1 (ОТЧЕТНЫЙ ПЕРИОД) '!G391 -> 0 | H77: ='Приложение 1 (ОТЧЕТНЫЙ ПЕРИОД) '!H391 -> 53.95 | I77: ='Приложение 1 (ОТЧЕТНЫЙ ПЕРИОД) '!I391 -> 53.95 | K77: ='Приложение 1 (ОТЧЕТНЫЙ ПЕРИОД) '!K391 -> 31.95 | L77: ='Приложение 1 (ОТЧЕТНЫЙ ПЕРИОД) '!L391 -> 0 | M77: ='Приложение 1 (ОТЧЕТНЫЙ ПЕРИОД) '!M391 -> 0 | N77: ='Приложение 1 (ОТЧЕТНЫЙ ПЕРИОД) '!N391 -> 139.85
D78: бюджет МО | E78: ='Приложение 1 (ОТЧЕТНЫЙ ПЕРИОД) '!E392 -> 0 | F78: ='Приложение 1 (ОТЧЕТНЫЙ ПЕРИОД) '!F392 -> 0 | G78: ='Приложение 1 (ОТЧЕТНЫЙ ПЕРИОД) '!G392 -> 0 | H78: ='Приложение 1 (ОТЧЕТНЫЙ ПЕРИОД) '!H392 -> 0.55 | I78: ='Приложение 1 (ОТЧЕТНЫЙ ПЕРИОД) '!I392 -> 30.55 | K78: ='Приложение 1 (ОТЧЕТНЫЙ ПЕРИОД) '!K392 -> 1.76 | L78: ='Приложение 1 (ОТЧЕТНЫЙ ПЕРИОД) '!L392 -> 30 | M78: ='Приложение 1 (ОТЧЕТНЫЙ ПЕРИОД) '!M392 -> 10 | N78: ='Приложение 1 (ОТЧЕТНЫЙ ПЕРИОД) '!N392 -> 72.86
D79: проверочная сторока | E79: =E76+E77+E78 -> 0 | F79: =F76+F77+F78 -> 0 | G79: =G76+G77+G78 -> 0 | H79: =H76+H77+H78 -> 54.5 | I79: =I76+I77+I78 -> 84.5 | K79: =K76+K77+K78 -> 33.71 | L79: =L76+L77+L78 -> 30 | M79: =M76+M77+M78 -> 10 | N79: =N76+N77+N78 -> 212.71 | P79: =SUM(E79:O79) -> 425.42
D80: проверочная сторока | E80: =E79-E75 -> 0 | F80: =F79-F75 -> 0 | G80: =G79-G75 -> 0 | H80: =H79-H75 -> 0 | I80: =I79-I75 -> 0 | K80: =K79-K75 -> 0 | L80: =L79-L75 -> 0 | M80: =M79-M75 -> 0 | N80: =N79-N75 -> 0 | P80: =SUM(E80:O80) -> 0
E81: VI | F81: БЕЗОПАСНЫЕ И КАЧЕСТВЕННЫЕ АВТОМОБИЛЬНЫЕ ДОРОГИ
A82: =E81 -> VI | B82: Итого по национальному проекту | D82: Всего | E82: ='Приложение 1 (ОТЧЕТНЫЙ ПЕРИОД) '!E430 -> 51.89435 | F82: ='Приложение 1 (ОТЧЕТНЫЙ ПЕРИОД) '!F430 -> 51.89435 | G82: ='Приложение 1 (ОТЧЕТНЫЙ ПЕРИОД) '!G430 -> 51.894812 | H82: ='Приложение 1 (ОТЧЕТНЫЙ ПЕРИОД) '!H430 -> 10.1 | I82: ='Приложение 1 (ОТЧЕТНЫЙ ПЕРИОД) '!I430 -> 48.8 | K82: ='Приложение 1 (ОТЧЕТНЫЙ ПЕРИОД) '!K430 -> 0 | L82: ='Приложение 1 (ОТЧЕТНЫЙ ПЕРИОД) '!L430 -> 6.8 | M82: ='Приложение 1 (ОТЧЕТНЫЙ ПЕРИОД) '!M430 -> 7.64 | N82: ='Приложение 1 (ОТЧЕТНЫЙ ПЕРИОД) '!N430 -> 125.23435 | R82: =B83 -> БЕЗОПАСНЫЕ И КАЧЕСТВЕННЫЕ АВТОМОБИЛЬНЫЕ ДОРОГИ | S82: =D82 -> Всего | T82: =E82 -> 51.89435 | U82: =F82 -> 51.89435 | V82: =G82 -> 51.894812 | W82: =F82/E82% -> 100 | X82: =G82/F82% -> 100.00089 | Y82: =V82/T82% -> 100.00089
B83: =F81 -> БЕЗОПАСНЫЕ И КАЧЕСТВЕННЫЕ АВТОМОБИЛЬНЫЕ ДОРОГИ | D83: федер. бюджет | E83: ='Приложение 1 (ОТЧЕТНЫЙ ПЕРИОД) '!E431 -> 0 | F83: ='Приложение 1 (ОТЧЕТНЫЙ ПЕРИОД) '!F431 -> 0 | G83: ='Приложение 1 (ОТЧЕТНЫЙ ПЕРИОД) '!G431 -> 0 | H83: ='Приложение 1 (ОТЧЕТНЫЙ ПЕРИОД) '!H431 -> 0 | I83: ='Приложение 1 (ОТЧЕТНЫЙ ПЕРИОД) '!I431 -> 0 | K83: ='Приложение 1 (ОТЧЕТНЫЙ ПЕРИОД) '!K431 -> 0 | L83: ='Приложение 1 (ОТЧЕТНЫЙ ПЕРИОД) '!L431 -> 0 | M83: ='Приложение 1 (ОТЧЕТНЫЙ ПЕРИОД) '!M431 -> 0 | N83: ='Приложение 1 (ОТЧЕТНЫЙ ПЕРИОД) '!N431 -> 0
D84: краевой бюджет | E84: ='Приложение 1 (ОТЧЕТНЫЙ ПЕРИОД) '!E432 -> 46.1799 | F84: ='Приложение 1 (ОТЧЕТНЫЙ ПЕРИОД) '!F432 -> 46.1799 | G84: ='Приложение 1 (ОТЧЕТНЫЙ ПЕРИОД) '!G432 -> 46.1799 | H84: ='Приложение 1 (ОТЧЕТНЫЙ ПЕРИОД) '!H432 -> 10 | I84: ='Приложение 1 (ОТЧЕТНЫЙ ПЕРИОД) '!I432 -> 48.31 | K84: ='Приложение 1 (ОТЧЕТНЫЙ ПЕРИОД) '!K432 -> 0 | L84: ='Приложение 1 (ОТЧЕТНЫЙ ПЕРИОД) '!L432 -> 6.73 | M84: ='Приложение 1 (ОТЧЕТНЫЙ ПЕРИОД) '!M432 -> 7.56 | N84: ='Приложение 1 (ОТЧЕТНЫЙ ПЕРИОД) '!N432 -> 118.7799
D85: бюджет МО | E85: ='Приложение 1 (ОТЧЕТНЫЙ ПЕРИОД) '!E433 -> 5.71445 | F85: ='Приложение 1 (ОТЧЕТНЫЙ ПЕРИОД) '!F433 -> 5.71445 | G85: ='Приложение 1 (ОТЧЕТНЫЙ ПЕРИОД) '!G433 -> 5.714912 | H85: ='Приложение 1 (ОТЧЕТНЫЙ ПЕРИОД) '!H433 -> 0.1 | I85: ='Приложение 1 (ОТЧЕТНЫЙ ПЕРИОД) '!I433 -> 0.49 | K85: ='Приложение 1 (ОТЧЕТНЫЙ ПЕРИОД) '!K433 -> 0 | L85: ='Приложение 1 (ОТЧЕТНЫЙ ПЕРИОД) '!L433 -> 0.07 | M85: ='Приложение 1 (ОТЧЕТНЫЙ ПЕРИОД) '!M433 -> 0.08 | N85: ='Приложение 1 (ОТЧЕТНЫЙ ПЕРИОД) '!N433 -> 6.45445
D86: проверочная сторока | E86: =E83+E84+E85 -> 51.89435 | F86: =F83+F84+F85 -> 51.89435 | G86: =G83+G84+G85 -> 51.894812 | H86: =H83+H84+H85 -> 10.1 | I86: =I83+I84+I85 -> 48.8 | K86: =K83+K84+K85 -> 0 | L86: =L83+L84+L85 -> 6.8 | M86: =M83+M84+M85 -> 7.64 | N86: =N83+N84+N85 -> 125.23435 | P86: =SUM(E86:O86) -> 354.25786
D87: проверочная сторока | E87: =E86-E82 -> 0 | F87: =F86-F82 -> 0 | G87: =G86-G82 -> 0 | H87: =H86-H82 -> 0 | I87: =I86-I82 -> 0 | K87: =K86-K82 -> 0 | L87: =L86-L82 -> 0 | M87: =M86-M82 -> 0 | N87: =N86-N82 -> 0 | P87: =SUM(E87:O87) -> 0
E88: VII | F88: ПРОИЗВОДИТЕЛЬНОСТЬ ТРУДА
A89: =E88 -> VII | B89: Итого по национальному проекту | D89: Всего | E89: ='Приложение 1 (ОТЧЕТНЫЙ ПЕРИОД) '!E459 -> 0 | F89: ='Приложение 1 (ОТЧЕТНЫЙ ПЕРИОД) '!F459 -> 0 | G89: ='Приложение 1 (ОТЧЕТНЫЙ ПЕРИОД) '!G459 -> 0 | H89: ='Приложение 1 (ОТЧЕТНЫЙ ПЕРИОД) '!H459 -> 0 | I89: ='Приложение 1 (ОТЧЕТНЫЙ ПЕРИОД) '!I459 -> 0 | K89: ='Приложение 1 (ОТЧЕТНЫЙ ПЕРИОД) '!K459 -> 0 | L89: ='Приложение 1 (ОТЧЕТНЫЙ ПЕРИОД) '!L459 -> 0 | M89: ='Приложение 1 (ОТЧЕТНЫЙ ПЕРИОД) '!M459 -> 0 | N89: ='Приложение 1 (ОТЧЕТНЫЙ ПЕРИОД) '!N459 -> 0 | R89: =B90 -> ПРОИЗВОДИТЕЛЬНОСТЬ ТРУДА | S89: =D89 -> Всего | T89: =E89 -> 0 | U89: =F89 -> 0 | V89: =G89 -> 0 | W89: =F89/E89% -> #DIV/0! | X89: =G89/F89% -> #DIV/0! | Y89: =V89/T89% -> #DIV/0!
B90: =F88 -> ПРОИЗВОДИТЕЛЬНОСТЬ ТРУДА | D90: федер. бюджет | E90: ='Приложение 1 (ОТЧЕТНЫЙ ПЕРИОД) '!E460 -> 0 | F90: ='Приложение 1 (ОТЧЕТНЫЙ ПЕРИОД) '!F460 -> 0 | G90: ='Приложение 1 (ОТЧЕТНЫЙ ПЕРИОД) '!G460 -> 0 | H90: ='Приложение 1 (ОТЧЕТНЫЙ ПЕРИОД) '!H460 -> 0 | I90: ='Приложение 1 (ОТЧЕТНЫЙ ПЕРИОД) '!I460 -> 0 | K90: ='Приложение 1 (ОТЧЕТНЫЙ ПЕРИОД) '!K460 -> 0 | L90: ='Приложение 1 (ОТЧЕТНЫЙ ПЕРИОД) '!L460 -> 0 | M90: ='Приложение 1 (ОТЧЕТНЫЙ ПЕРИОД) '!M460 -> 0 | N90: ='Приложение 1 (ОТЧЕТНЫЙ ПЕРИОД) '!N460 -> 0
D91: краевой бюджет | E91: ='Приложение 1 (ОТЧЕТНЫЙ ПЕРИОД) '!E461 -> 0 | F91: ='Приложение 1 (ОТЧЕТНЫЙ ПЕРИОД) '!F461 -> 0 | G91: ='Приложение 1 (ОТЧЕТНЫЙ ПЕРИОД) '!G461 -> 0 | H91: ='Приложение 1 (ОТЧЕТНЫЙ ПЕРИОД) '!H461 -> 0 | I91: ='Приложение 1 (ОТЧЕТНЫЙ ПЕРИОД) '!I461 -> 0 | K91: ='Приложение 1 (ОТЧЕТНЫЙ ПЕРИОД) '!K461 -> 0 | L91: ='Приложение 1 (ОТЧЕТНЫЙ ПЕРИОД) '!L461 -> 0 | M91: ='Приложение 1 (ОТЧЕТНЫЙ ПЕРИОД) '!M461 -> 0 | N91: ='Приложение 1 (ОТЧЕТНЫЙ ПЕРИОД) '!N461 -> 0
D92: бюджет МО | E92: ='Приложение 1 (ОТЧЕТНЫЙ ПЕРИОД) '!E462 -> 0 | F92: ='Приложение 1 (ОТЧЕТНЫЙ ПЕРИОД) '!F462 -> 0 | G92: ='Приложение 1 (ОТЧЕТНЫЙ ПЕРИОД) '!G462 -> 0 | H92: ='Приложение 1 (ОТЧЕТНЫЙ ПЕРИОД) '!H462 -> 0 | I92: ='Приложение 1 (ОТЧЕТНЫЙ ПЕРИОД) '!I462 -> 0 | K92: ='Приложение 1 (ОТЧЕТНЫЙ ПЕРИОД) '!K462 -> 0 | L92: ='Приложение 1 (ОТЧЕТНЫЙ ПЕРИОД) '!L462 -> 0 | M92: ='Приложение 1 (ОТЧЕТНЫЙ ПЕРИОД) '!M462 -> 0 | N92: ='Приложение 1 (ОТЧЕТНЫЙ ПЕРИОД) '!N462 -> 0
D93: проверочная сторока | E93: =E90+E91+E92 -> 0 | F93: =F90+F91+F92 -> 0 | G93: =G90+G91+G92 -> 0 | H93: =H90+H91+H92 -> 0 | I93: =I90+I91+I92 -> 0 | K93: =K90+K91+K92 -> 0 | L93: =L90+L91+L92 -> 0 | M93: =M90+M91+M92 -> 0 | N93: =N90+N91+N92 -> 0 | P93: =SUM(E93:O93) -> 0
D94: проверочная сторока | E94: =E93-E89 -> 0 | F94: =F93-F89 -> 0 | G94: =G93-G89 -> 0 | H94: =H93-H89 -> 0 | I94: =I93-I89 -> 0 | K94: =K93-K89 -> 0 | L94: =L93-L89 -> 0 | M94: =M93-M89 -> 0 | N94: =N93-N89 -> 0 | P94: =SUM(E94:O94) -> 0
E95: VIII | F95: НАУКА
A96: =E95 -> VIII | B96: Итого по национальному проекту | D96: Всего | E96: ='Приложение 1 (ОТЧЕТНЫЙ ПЕРИОД) '!E488 -> 0 | F96: ='Приложение 1 (ОТЧЕТНЫЙ ПЕРИОД) '!F488 -> 0 | G96: ='Приложение 1 (ОТЧЕТНЫЙ ПЕРИОД) '!G488 -> 0 | H96: ='Приложение 1 (ОТЧЕТНЫЙ ПЕРИОД) '!H488 -> 0 | I96: ='Приложение 1 (ОТЧЕТНЫЙ ПЕРИОД) '!I488 -> 0 | K96: ='Приложение 1 (ОТЧЕТНЫЙ ПЕРИОД) '!K488 -> 0 | L96: ='Приложение 1 (ОТЧЕТНЫЙ ПЕРИОД) '!L488 -> 0 | M96: ='Приложение 1 (ОТЧЕТНЫЙ ПЕРИОД) '!M488 -> 0 | N96: ='Приложение 1 (ОТЧЕТНЫЙ ПЕРИОД) '!N488 -> 0 | R96: =B97 -> НАУКА | S96: =D96 -> Всего | T96: =E96 -> 0 | U96: =F96 -> 0 | V96: =G96 -> 0 | W96: =F96/E96% -> #DIV/0! | X96: =G96/F96% -> #DIV/0! | Y96: =V96/T96% -> #DIV/0!
B97: =F95 -> НАУКА | D97: федер. бюджет | E97: ='Приложение 1 (ОТЧЕТНЫЙ ПЕРИОД) '!E489 -> 0 | F97: ='Приложение 1 (ОТЧЕТНЫЙ ПЕРИОД) '!F489 -> 0 | G97: ='Приложение 1 (ОТЧЕТНЫЙ ПЕРИОД) '!G489 -> 0 | H97: ='Приложение 1 (ОТЧЕТНЫЙ ПЕРИОД) '!H489 -> 0 | I97: ='Приложение 1 (ОТЧЕТНЫЙ ПЕРИОД) '!I489 -> 0 | K97: ='Приложение 1 (ОТЧЕТНЫЙ ПЕРИОД) '!K489 -> 0 | L97: ='Приложение 1 (ОТЧЕТНЫЙ ПЕРИОД) '!L489 -> 0 | M97: ='Приложение 1 (ОТЧЕТНЫЙ ПЕРИОД) '!M489 -> 0 | N97: ='Приложение 1 (ОТЧЕТНЫЙ ПЕРИОД) '!N489 -> 0
D98: краевой бюджет | E98: ='Приложение 1 (ОТЧЕТНЫЙ ПЕРИОД) '!E490 -> 0 | F98: ='Приложение 1 (ОТЧЕТНЫЙ ПЕРИОД) '!F490 -> 0 | G98: ='Приложение 1 (ОТЧЕТНЫЙ ПЕРИОД) '!G490 -> 0 | H98: ='Приложение 1 (ОТЧЕТНЫЙ ПЕРИОД) '!H490 -> 0 | I98: ='Приложение 1 (ОТЧЕТНЫЙ ПЕРИОД) '!I490 -> 0 | K98: ='Приложение 1 (ОТЧЕТНЫЙ ПЕРИОД) '!K490 -> 0 | L98: ='Приложение 1 (ОТЧЕТНЫЙ ПЕРИОД) '!L490 -> 0 | M98: ='Приложение 1 (ОТЧЕТНЫЙ ПЕРИОД) '!M490 -> 0 | N98: ='Приложение 1 (ОТЧЕТНЫЙ ПЕРИОД) '!N490 -> 0
D99: бюджет МО | E99: ='Приложение 1 (ОТЧЕТНЫЙ ПЕРИОД) '!E491 -> 0 | F99: ='Приложение 1 (ОТЧЕТНЫЙ ПЕРИОД) '!F491 -> 0 | G99: ='Приложение 1 (ОТЧЕТНЫЙ ПЕРИОД) '!G491 -> 0 | H99: ='Приложение 1 (ОТЧЕТНЫЙ ПЕРИОД) '!H491 -> 0 | I99: ='Приложение 1 (ОТЧЕТНЫЙ ПЕРИОД) '!I491 -> 0 | K99: ='Приложение 1 (ОТЧЕТНЫЙ ПЕРИОД) '!K491 -> 0 | L99: ='Приложение 1 (ОТЧЕТНЫЙ ПЕРИОД) '!L491 -> 0 | M99: ='Приложение 1 (ОТЧЕТНЫЙ ПЕРИОД) '!M491 -> 0 | N99: ='Приложение 1 (ОТЧЕТНЫЙ ПЕРИОД) '!N491 -> 0
D100: проверочная сторока | E100: =E97+E98+E99 -> 0 | F100: =F97+F98+F99 -> 0 | G100: =G97+G98+G99 -> 0 | H100: =H97+H98+H99 -> 0 | I100: =I97+I98+I99 -> 0 | K100: =K97+K98+K99 -> 0 | L100: =L97+L98+L99 -> 0 | M100: =M97+M98+M99 -> 0 | N100: =N97+N98+N99 -> 0 | P100: =SUM(E100:O100) -> 0
D101: проверочная сторока | E101: =E100-E96 -> 0 | F101: =F100-F96 -> 0 | G101: =G100-G96 -> 0 | H101: =H100-H96 -> 0 | I101: =I100-I96 -> 0 | K101: =K100-K96 -> 0 | L101: =L100-L96 -> 0 | M101: =M100-M96 -> 0 | N101: =N100-N96 -> 0 | P101: =SUM(E101:O101) -> 0
E102: IX | F102: ЦИФРОВАЯ ЭКОНОМИКА
A103: =E102 -> IX | B103: Итого по национальному проекту | D103: Всего | E103: ='Приложение 1 (ОТЧЕТНЫЙ ПЕРИОД) '!E511 -> 1.85 | F103: ='Приложение 1 (ОТЧЕТНЫЙ ПЕРИОД) '!F511 -> 1.85 | G103: ='Приложение 1 (ОТЧЕТНЫЙ ПЕРИОД) '!G511 -> 1.85 | H103: ='Приложение 1 (ОТЧЕТНЫЙ ПЕРИОД) '!H511 -> 0 | I103: ='Приложение 1 (ОТЧЕТНЫЙ ПЕРИОД) '!I511 -> 0 | K103: ='Приложение 1 (ОТЧЕТНЫЙ ПЕРИОД) '!K511 -> 1.56 | L103: ='Приложение 1 (ОТЧЕТНЫЙ ПЕРИОД) '!L511 -> 0 | M103: ='Приложение 1 (ОТЧЕТНЫЙ ПЕРИОД) '!M511 -> 0 | N103: ='Приложение 1 (ОТЧЕТНЫЙ ПЕРИОД) '!N511 -> 3.41 | R103: =B104 -> ЦИФРОВАЯ ЭКОНОМИКА | S103: =D103 -> Всего | T103: =E103 -> 1.85 | U103: =F103 -> 1.85 | V103: =G103 -> 1.85 | W103: =F103/E103% -> 100 | X103: =G103/F103% -> 100 | Y103: =V103/T103% -> 100
B104: =F102 -> ЦИФРОВАЯ ЭКОНОМИКА | D104: федер. бюджет | E104: ='Приложение 1 (ОТЧЕТНЫЙ ПЕРИОД) '!E512 -> 0 | F104: ='Приложение 1 (ОТЧЕТНЫЙ ПЕРИОД) '!F512 -> 0 | G104: ='Приложение 1 (ОТЧЕТНЫЙ ПЕРИОД) '!G512 -> 0 | H104: ='Приложение 1 (ОТЧЕТНЫЙ ПЕРИОД) '!H512 -> 0 | I104: ='Приложение 1 (ОТЧЕТНЫЙ ПЕРИОД) '!I512 -> 0 | K104: ='Приложение 1 (ОТЧЕТНЫЙ ПЕРИОД) '!K512 -> 0 | L104: ='Приложение 1 (ОТЧЕТНЫЙ ПЕРИОД) '!L512 -> 0 | M104: ='Приложение 1 (ОТЧЕТНЫЙ ПЕРИОД) '!M512 -> 0 | N104: ='Приложение 1 (ОТЧЕТНЫЙ ПЕРИОД) '!N512 -> 0
D105: краевой бюджет | E105: ='Приложение 1 (ОТЧЕТНЫЙ ПЕРИОД) '!E513 -> 0 | F105: ='Приложение 1 (ОТЧЕТНЫЙ ПЕРИОД) '!F513 -> 0 | G105: ='Приложение 1 (ОТЧЕТНЫЙ ПЕРИОД) '!G513 -> 0 | H105: ='Приложение 1 (ОТЧЕТНЫЙ ПЕРИОД) '!H513 -> 0 | I105: ='Приложение 1 (ОТЧЕТНЫЙ ПЕРИОД) '!I513 -> 0 | K105: ='Приложение 1 (ОТЧЕТНЫЙ ПЕРИОД) '!K513 -> 0 | L105: ='Приложение 1 (ОТЧЕТНЫЙ ПЕРИОД) '!L513 -> 0 | M105: ='Приложение 1 (ОТЧЕТНЫЙ ПЕРИОД) '!M513 -> 0 | N105: ='Приложение 1 (ОТЧЕТНЫЙ ПЕРИОД) '!N513 -> 0
D106: бюджет МО | E106: ='Приложение 1 (ОТЧЕТНЫЙ ПЕРИОД) '!E514 -> 1.85 | F106: ='Приложение 1 (ОТЧЕТНЫЙ ПЕРИОД) '!F514 -> 1.85 | G106: ='Приложение 1 (ОТЧЕТНЫЙ ПЕРИОД) '!G514 -> 1.85 | H106: ='Приложение 1 (ОТЧЕТНЫЙ ПЕРИОД) '!H514 -> 0 | I106: ='Приложение 1 (ОТЧЕТНЫЙ ПЕРИОД) '!I514 -> 0 | K106: ='Приложение 1 (ОТЧЕТНЫЙ ПЕРИОД) '!K514 -> 1.56 | L106: ='Приложение 1 (ОТЧЕТНЫЙ ПЕРИОД) '!L514 -> 0 | M106: ='Приложение 1 (ОТЧЕТНЫЙ ПЕРИОД) '!M514 -> 0 | N106: ='Приложение 1 (ОТЧЕТНЫЙ ПЕРИОД) '!N514 -> 3.41
D107: проверочная сторока | E107: =E104+E105+E106 -> 1.85 | F107: =F104+F105+F106 -> 1.85 | G107: =G104+G105+G106 -> 1.85 | H107: =H104+H105+H106 -> 0 | I107: =I104+I105+I106 -> 0 | K107: =K104+K105+K106 -> 1.56 | L107: =L104+L105+L106 -> 0 | M107: =M104+M105+M106 -> 0 | N107: =N104+N105+N106 -> 3.41 | P107: =SUM(E107:O107) -> 10.52
D108: проверочная сторока | E108: =E107-E103 -> 0 | F108: =F107-F103 -> 0 | G108: =G107-G103 -> 0 | H108: =H107-H103 -> 0 | I108: =I107-I103 -> 0 | K108: =K107-K103 -> 0 | L108: =L107-L103 -> 0 | M108: =M107-M103 -> 0 | N108: =N107-N103 -> 0 | P108: =SUM(E108:O108) -> 0
E109: X | F109: КУЛЬТУРА
...

Sheet ЗАВЕРШЕННЫЕ МЕРОПРИЯТИЯ
B1: ФОРМАТ И ШРИФТЫ НЕ ИЗМЕНЯТЬ | J1: Приложение 4 | N1: Приложение 1
A2: ='Приложение 1 (ОТЧЕТНЫЙ ПЕРИОД) '!A2:J2 -> ИНФОРМАЦИЯ по показателям и мероприятиям дорожных карт по достижению показателей Указа Президента Российской Федерации от 07.05.2018 № 204 ПОЖАРСКИЙ МУНИЦИПАЛЬНЫЙ РАЙОН | K2: ЕЖЕМЕСЯЧНАЯ форма предоставления информации
A3: № п.п. | B3: Наименование показателя | E3: Значение показателя, млн рублей | J3: ЗАВЕРШЕННЫЕ МЕРОПРИЯТИЯ в рамках НП 2019-2024 гг. Примечание. НАИМЕНОВАНИЕ МЕРОПРИЯТИЯ. Номер контракта, cумма контракта (млн рублей), поставщик, дата завершения работ по контракту. Адрес расположения заверщенного объекта.
B4: ='Приложение 2 (СВОД)'!B4 -> городской округ (муниципальный р-н) | C4: Дата завершения мероприятия | G4: сумма завершенного контракта, млн рублей
B5: ВСЕГО | D5: Всего | G5: =G6+G7+G8 -> 0 | K5: =K6+K7+K8 -> 0 | L5: =L6+L7+L8 -> 0 | M5: =M6+M7+M8 -> 0 | N5: =N6+N7+N8 -> 0
D6: федер. бюджет | G6: =G11+G379 -> 0 | K6: =K11+K379 -> 0 | L6: =L11+L379 -> 0 | M6: =M11+M379 -> 0 | N6: =N11+N379 -> 0
D7: краевой бюджет | G7: =G12+G380 -> 0 | K7: =K12+K380 -> 0 | L7: =L12+L380 -> 0 | M7: =M12+M380 -> 0 | N7: =N12+N380 -> 0
D8: бюджет МО | G8: =G13+G381 -> 0 | K8: =K13+K381 -> 0 | L8: =L13+L381 -> 0 | M8: =M13+M381 -> 0 | N8: =N13+N381 -> 0
B10: Всего по ЗАВЕРШЕННЫМ МЕРОПРИЯТИЯМ национальных проектов | D10: Всего | G10: =SUM(G11:G13) -> 0 | K10: =SUM(K11:K13) -> 0 | L10: =SUM(L11:L13) -> 0 | M10: =SUM(M11:M13) -> 0 | N10: =SUM(N11:N13) -> 0
D11: федер. бюджет | G11: =G41+G79+G108+G137+G166+G195+G224+G253+G282+G311+G340+G369 -> 0 | K11: =K41+K79+K108+K137+K166+K195+K224+K253+K282+K311+K340+K369 -> 0 | L11: =L41+L79+L108+L137+L166+L195+L224+L253+L282+L311+L340+L369 -> 0 | M11: =M41+M79+M108+M137+M166+M195+M224+M253+M282+M311+M340+M369 -> 0 | N11: =E11+H11+I11+K11+L11+M11 -> 0
D12: краевой бюджет | G12: =G42+G80+G109+G138+G167+G196+G225+G254+G283+G312+G341+G370 -> 0 | K12: =K42+K80+K109+K138+K167+K196+K225+K254+K283+K312+K341+K370 -> 0 | L12: =L42+L80+L109+L138+L167+L196+L225+L254+L283+L312+L341+L370 -> 0 | M12: =M42+M80+M109+M138+M167+M196+M225+M254+M283+M312+M341+M370 -> 0 | N12: =E12+H12+I12+K12+L12+M12 -> 0
D13: бюджет МО | G13: =G43+G81+G110+G139+G168+G197+G226+G255+G284+G313+G342+G371 -> 0 | K13: =K43+K81+K110+K139+K168+K197+K226+K255+K284+K313+K342+K371 -> 0 | L13: =L43+L81+L110+L139+L168+L197+L226+L255+L284+L313+L342+L371 -> 0 | M13: =M43+M81+M110+M139+M168+M197+M226+M255+M284+M313+M342+M371 -> 0 | N13: =E13+H13+I13+K13+L13+M13 -> 0
E15: I | F15: ДЕМОГРАФИЯ
A16: Региональный проект 1. ….
A17: 1 | B17: Наименование показателя регионального проекта
B18: городской округ (муниципальный р-н)
B19: Меропиятия
A20: 1.1 | B20: Мероприятие, обеспечивающее достижение данного поуказателя | D20: всего | G20: =SUM(G21:G23) -> 0 | K20: =SUM(K21:K23) -> 0 | L20: =SUM(L21:L23) -> 0 | M20: =SUM(M21:M23) -> 0 | N20: =E20+H20+I20+K20+L20+M20 -> 0
D21: федер. бюджет | N21: =E21+H21+I21+K21+L21+M21 -> 0
D22: краевой бюджет | N22: =E22+H22+I22+K22+L22+M22 -> 0
D23: бюджет МО | N23: =E23+H23+I23+K23+L23+M23 -> 0
A24: 2 | B24: Наименование показателя регионального проекта
B25: городской округ (муниципальный р-н)
B26: Меропиятия
A27: 2.1 | B27: Мероприятие, обеспечивающее достижение данного поуказателя | D27: всего | G27: =SUM(G28:G30) -> 0 | K27: =SUM(K28:K30) -> 0 | L27: =SUM(L28:L30) -> 0 | M27: =SUM(M28:M30) -> 0 | N27: =E27+H27+I27+K27+L27+M27 -> 0
D28: федер. бюджет | N28: =E28+H28+I28+K28+L28+M28 -> 0
D29: краевой бюджет | N29: =E29+H29+I29+K29+L29+M29 -> 0
D30: бюджет МО | N30: =E30+H30+I30+K30+L30+M30 -> 0
A31: … | B31: и т.д. по показателям и мероприятиям данного регионального проекта
A32: Региональный проект 2 …..
A33: 1 | B33: Наименование показателя регионального проекта
B34: городской округ (муниципальный р-н)
B35: Меропиятия | C35: Потребность в финансировании, млн. рублей
A36: 1.1 | B36: Мероприятие, обеспечивающее достижение данного поуказателя | D36: всего | G36: =SUM(G37:G39) -> 0 | K36: =SUM(K37:K39) -> 0 | L36: =SUM(L37:L39) -> 0 | M36: =SUM(M37:M39) -> 0 | N36: =E36+H36+I36+K36+L36+M36 -> 0
D37: федер. бюджет | N37: =E37+H37+I37+K37+L37+M37 -> 0
D38: краевой бюджет | N38: =E38+H38+I38+K38+L38+M38 -> 0
D39: бюджет МО | N39: =E39+H39+I39+K39+L39+M39 -> 0
A40: =E15 -> I | B40: Итого по национальному проекту | D40: Всего | G40: =G41+G42+G43 -> 0 | K40: =K41+K42+K43 -> 0 | L40: =L41+L42+L43 -> 0 | M40: =M41+M42+M43 -> 0 | N40: =N41+N42+N43 -> 0
B41: =F15 -> ДЕМОГРАФИЯ | D41: федер. бюджет | N41: =E41+H41+I41+K41+L41+M41 -> 0
D42: краевой бюджет | N42: =E42+H42+I42+K42+L42+M42 -> 0
D43: бюджет МО | N43: =E43+H43+I43+K43+L43+M43 -> 0
E44: II | F44: ЗДРАВООХРАНЕНИЕ
A54: Региональный проект 1. ….
A55: 1 | B55: Наименование показателя регионального проекта
B56: городской округ (муниципальный р-н)
B57: Меропиятия | C57: Потребность в финансировании, млн. рублей
A58: 1.1 | B58: Мероприятие, обеспечивающее достижение данного поуказателя | D58: всего | G58: =SUM(G59:G61) -> 0 | K58: =SUM(K59:K61) -> 0 | L58: =SUM(L59:L61) -> 0 | M58: =SUM(M59:M61) -> 0 | N58: =E58+H58+I58+K58+L58+M58 -> 0
D59: федер. бюджет | N59: =E59+H59+I59+K59+L59+M59 -> 0
D60: краевой бюджет | N60: =E60+H60+I60+K60+L60+M60 -> 0
D61: бюджет МО | N61: =E61+H61+I61+K61+L61+M61 -> 0
A62: 2 | B62: Наименование показателя регионального проекта
B63: городской округ (муниципальный р-н)
B64: Меропиятия | C64: Потребность в финансировании, млн. рублей
A65: 2.1 | B65: Мероприятие, обеспечивающее достижение данного поуказателя | D65: всего | G65: =SUM(G66:G68) -> 0 | K65: =SUM(K66:K68) -> 0 | L65: =SUM(L66:L68) -> 0 | M65: =SUM(M66:M68) -> 0 | N65: =E65+H65+I65+K65+L65+M65 -> 0
D66: федер. бюджет | N66: =E66+H66+I66+K66+L66+M66 -> 0
D67: краевой бюджет | N67: =E67+H67+I67+K67+L67+M67 -> 0
D68: бюджет МО | N68: =E68+H68+I68+K68+L68+M68 -> 0
A69: … | B69: и т.д. по показателям и мероприятиям данного регионального проекта
A70: Региональный проект 2 …..
A71: 1 | B71: Наименование показателя регионального проекта
B72: городской округ (муниципальный р-н)
B73: Меропиятия | C73: Потребность в финансировании, млн. рублей
A74: 1.1 | B74: Мероприятие, обеспечивающее достижение данного поуказателя | D74: всего | G74: =SUM(G75:G77) -> 0 | K74: =SUM(K75:K77) -> 0 | L74: =SUM(L75:L77) -> 0 | M74: =SUM(M75:M77) -> 0 | N74: =E74+H74+I74+K74+L74+M74 -> 0
D75: федер. бюджет | N75: =E75+H75+I75+K75+L75+M75 -> 0
D76: краевой бюджет | N76: =E76+H76+I76+K76+L76+M76 -> 0
D77: бюджет МО | N77: =E77+H77+I77+K77+L77+M77 -> 0
A78: =E44 -> II | B78: Итого по национальному проекту | D78: Всего | G78: =G79+G80+G81 -> 0 | K78: =K79+K80+K81 -> 0 | L78: =L79+L80+L81 -> 0 | M78: =M79+M80+M81 -> 0 | N78: =N79+N80+N81 -> 0
B79: =F44 -> ЗДРАВООХРАНЕНИЕ | D79: федер. бюджет | N79: =E79+H79+I79+K79+L79+M79 -> 0
D80: краевой бюджет | N80: =E80+H80+I80+K80+L80+M80 -> 0
D81: бюджет МО | N81: =E81+H81+I81+K81+L81+M81 -> 0
E82: III | F82: ОБРАЗОВАНИЕ
A83: Региональный проект 1. ….
A84: 1 | B84: Наименование показателя регионального проекта
B85: городской округ (муниципальный р-н)
B86: Меропиятия | C86: Потребность в финансировании, млн. рублей
A87: 1.1 | B87: Мероприятие, обеспечивающее достижение данного поуказателя | D87: всего | G87: =SUM(G88:G90) -> 0 | K87: =SUM(K88:K90) -> 0 | L87: =SUM(L88:L90) -> 0 | M87: =SUM(M88:M90) -> 0 | N87: =E87+H87+I87+K87+L87+M87 -> 0
D88: федер. бюджет | N88: =E88+H88+I88+K88+L88+M88 -> 0
D89: краевой бюджет | N89: =E89+H89+I89+K89+L89+M89 -> 0
D90: бюджет МО | N90: =E90+H90+I90+K90+L90+M90 -> 0
A91: 2 | B91: Наименование показателя регионального проекта
B92: городской округ (муниципальный р-н)
B93: Меропиятия | C93: Потребность в финансировании, млн. рублей
A94: 2.1 | B94: Мероприятие, обеспечивающее достижение данного поуказателя | D94: всего | G94: =SUM(G95:G97) -> 0 | K94: =SUM(K95:K97) -> 0 | L94: =SUM(L95:L97) -> 0 | M94: =SUM(M95:M97) -> 0 | N94: =E94+H94+I94+K94+L94+M94 -> 0
D95: федер. бюджет | N95: =E95+H95+I95+K95+L95+M95 -> 0
D96: краевой бюджет | N96: =E96+H96+I96+K96+L96+M96 -> 0
D97: бюджет МО | N97: =E97+H97+I97+K97+L97+M97 -> 0
A98: … | B98: и т.д. по показателям и мероприятиям данного регионального проекта
A99: Региональный проект 2 …..
A100: 1 | B100: Наименование показателя регионального проекта
B101: городской округ (муниципальный р-н)
B102: Меропиятия | C102: Потребность в финансировании, млн. рублей
A103: 1.1 | B103: Мероприятие, обеспечивающее достижение данного поуказателя | D103: всего | G103: =SUM(G104:G106) -> 0 | K103: =SUM(K104:K106) -> 0 | L103: =SUM(L104:L106) -> 0 | M103: =SUM(M104:M106) -> 0 | N103: =E103+H103+I103+K103+L103+M103 -> 0
D104: федер. бюджет | N104: =E104+H104+I104+K104+L104+M104 -> 0
D105: краевой бюджет | N105: =E105+H105+I105+K105+L105+M105 -> 0
D106: бюджет МО | N106: =E106+H106+I106+K106+L106+M106 -> 0
A107: =E82 -> III | B107: Итого по национальному проекту | D107: Всего | G107: =G108+G109+G110 -> 0 | K107: =K108+K109+K110 -> 0 | L107: =L108+L109+L110 -> 0 | M107: =M108+M109+M110 -> 0 | N107: =N108+N109+N110 -> 0
B108: =F82 -> ОБРАЗОВАНИЕ | D108: федер. бюджет | N108: =E108+H108+I108+K108+L108+M108 -> 0
D109: краевой бюджет | N109: =E109+H109+I109+K109+L109+M109 -> 0
D110: бюджет МО | N110: =E110+H110+I110+K110+L110+M110 -> 0
E111: IV | F111: ЖИЛЬЕ И ГОРОДСКАЯ СРЕДА
...
